Workbook
Name Constr: '01-02'!$A$1
Name FOT: '01-02'!$B$20
Name Ind: '01-02'!$D$9
Name Obj: '01-02'!#REF!
Name Obosn: '01-02'!$B$15
Name SmPr: '01-02'!$B$16
Name аааааппппппрррппппппп: #REF!
Name аараооооооооооооо: #REF!
Name автом: #REF!
Name алшрльоплварл: #REF!
Name аолвлддддддддддддддддввввввввв: #REF!
Name апарв: #REF!
Name апрлдджаоырыфрпопрлпрлпрлп: #REF!
Name арлггаджаш: #REF!
Name ароррбллтблпроорапииас: #REF!
Name арррррблллпдрлдддддддддд: #REF!
Name варпаааааааааа: #REF!
Name ввпьььььлднд: #REF!
Name вед: #REF!
Name вертикальная: #REF!
Name вертикплан: #REF!
Name волен: #REF!
Name вп: #REF!
Name впырпфдыпл: #REF!
Name впьглорьтитттттттттт: #REF!
Name всввввввввввввввввввввввввв: #REF!
Name выб: #REF!
Name выпуск: #REF!
Name выьлепвввввпмп: #REF!
Name еваопродолжэрщэрзшщщх: #REF!
Name измен: #REF!
Name итого: #REF!
Name итого_сантех: #REF!
Name итого_стр: #REF!
Name итого_строит: #REF!
Name итого_технол: #REF!
Name итого_электр: #REF!
Name квота: #REF!
Name кккккккккк: #REF!
Name корек: #REF!
Name корект: #REF!
Name корректир: #REF!
Name лен: #REF!
Name лот: #REF!
Name мамиааааааааааааааааааааааааааааа: #REF!
Name ммпоослччччччччччрччапппппппппр: #REF!
Name мрол: #REF!
Name оз: #REF!
Name озелен: #REF!
Name озеленение: #REF!
Name озеленение2: #REF!
Name ОСР: #REF!
Name ОСР110: #REF!
Name ОСР111: #REF!
Name план: #REF!
Name планировка: #REF!
Name плдщхэж.юрббдлююбо: #REF!
Name площадки: #REF!
Name пос: #REF!
Name прав: #REF!

Sheet 01-02
H1: ФГУП "Комбинат "Электрохимприбор"
H2: (наименование стройки)
H4: ЛОКАЛЬНЫЙ СМЕТНЫЙ РАСЧЕТ № 01-02
H5: (локальная смета)
C7: на | D7: снятие и восстановление растительного слоя, Электроснабжение промплощадки №5
H8: (наименование работ и затрат, наименование объекта)
D10: Основание: П-055/10661-ППО
D11: Сметная стоимость строительных работ _______________________________________________________________________________________________ | J11: ___________________________3,418 | L11: тыс. руб.
D12: Средства на оплату труда _______________________________________________________________________________________________ | J12: ___________________________0,312 | L12: тыс. руб.
D13: Сметная трудоемкость _______________________________________________________________________________________________ | J13: _______________________________________________________________________________________________0 | L13: чел.час
D14: Составлен(а) в текущих (прогнозных) ценах 2001г.
A17: № пп | B17: Обосно- вание | C17: Наименование | D17: Ед. изм. | E17: Кол. | F17: Стоимость единицы, руб. | J17: Общая стоимость, руб. | N17: Т/з осн. раб.на ед. | O17: Т/з осн. раб. Всего | P17: Т/з мех. на ед. | Q17: Т/з мех. Всего
F18: Всего | G18: В том числе | J18: Всего | K18: В том числе
G19: Осн.З/п | H19: Эк.Маш | I19: З/пМех | K19: Осн.З/п | L19: Эк.Маш | M19: З/пМех
A20: 1 | B20: 2 | C20: 3 | D20: 4 | E20: 5 | F20: 6 | G20: 7 | H20: 8 | I20: 9 | J20: 10 | K20: 11 | L20: 12 | M20: 13 | N20: 14 | O20: 15 | P20: 16 | Q20: 17
A21: Раздел 1. Снятие и восстановление растительного слоя
A22: 1 | B22: ТЕР01-01-031-01 | C22: Разработка грунта с перемещением до 10 м бульдозерами мощностью 96 кВт (130 л.с.), группа грунтов 1 (снятие растительного слоя толщиной 15 с перемещением до 50 м во временный отвал) | D22: 1000 м3 грунта | E22: 0,218 1456,20*0,15/1000 | F22: 1558.38 | H22: 1558.38 | I22: 163.79 | J22: 340 | L22: 340 | M22: 36 | P22: 9.68 | Q22: 2.11
A23: 2 | B23: ТЕР01-01-031-09 | C23: При перемещении грунта на каждые последующие 10 м добавлять к расценке 01-01-031-01 | D23: 1000 м3 грунта | E23: 0,218 1456,20*0,15/1000 | F23: 5241.84 | H23: 5241.84 | I23: 550.92 | J23: 1143 | L23: 1143 | M23: 120 | P23: 32.56 | Q23: 7.1
A24: 3 | B24: ТЕР01-01-031-01 | C24: Разработка грунта с перемещением до 10 м бульдозерами мощностью 96 кВт (130 л.с.), группа грунтов 1 (восстановление растительного слоя толщиной 15 с перемещением до 50 м из временного отвала) | D24: 1000 м3 грунта | E24: 0,218 1456,20*0,15/1000 | F24: 1558.38 | H24: 1558.38 | I24: 163.79 | J24: 340 | L24: 340 | M24: 36 | P24: 9.68 | Q24: 2.11
A25: 4 | B25: ТЕР01-01-031-09 | C25: При перемещении грунта на каждые последующие 10 м добавлять к расценке 01-01-031-01 | D25: 1000 м3 грунта | E25: 0,218 1456,20*0,15/1000 | F25: 5241.84 | H25: 5241.84 | I25: 550.92 | J25: 1143 | L25: 1143 | M25: 120 | P25: 32.56 | Q25: 7.1
A26: Итого прямые затраты по смете в ценах 2001г. | J26: 2966 | L26: 2966 | M26: 312 | Q26: 18.42
A27: Накладные расходы | J27: 296
A28: В том числе, справочно:
A29: 95% ФОТ (от 312) (Поз. 1-4) | J29: 296
A30: Сметная прибыль | J30: 156
A31: В том числе, справочно:
A32: 50% ФОТ (от 312) (Поз. 1-4) | J32: 156
A33: Итоги по смете:
A34: Земляные работы, выполняемые механизированным способом | J34: 3418 | Q34: 18.42
A35: Итого | J35: 3418 | Q35: 18.42
A36: В том числе:
A37: Машины и механизмы | J37: 2966
A38: ФОТ | J38: 312
A39: Накладные расходы | J39: 296
A40: Сметная прибыль | J40: 156
A41: ВСЕГО по смете | J41: 3418 | Q41: 18.42
A45: Составил ведущий инженер: ___________________________Ракевич О.Ю.
A46: (должность, подпись, расшифровка)
A48: Проверил начальник группы: ___________________________Труфанова Г.К.
A49: (должность, подпись, расшифровка)

Sheet 02-01-01 изм.3
A1: СОГЛАСОВАНО: | M1: УТВЕРЖДАЮ:
A4: _________________ | M4: _________________
A5: " _____ " ________________ 2014 г. | M5: "______ " _______________2014 г.
G7: (наименование стройки)
G9: ЛОКАЛЬНЫЙ СМЕТНЫЙ РАСЧЕТ №
G10: (локальная смета)
C12: на | D12: 02-01-01 изм.3 Наружные сети электроснабжения
G13: (наименование работ и затрат, наименование объекта)
D15: Основание: Р-055/10661-ЭМ изм.4
D16: Сметная стоимость _______________________________________________________________________________________________ | J16: ___________________________4303,242 | L16: тыс. руб.
D17: строительных работ _______________________________________________________________________________________________ | J17: _______________________________________________________________________________________________522,624 | L17: тыс. руб.
D18: монтажных работ _______________________________________________________________________________________________ | J18: _______________________________________________________________________________________________1838,011 | L18: тыс. руб.
D19: оборудования _______________________________________________________________________________________________ | J19: _______________________________________________________________________________________________1942,607 | L19: тыс. руб.
D20: Средства на оплату труда _______________________________________________________________________________________________ | J20: ___________________________123,828 | L20: тыс. руб.
D21: Сметная трудоемкость _______________________________________________________________________________________________ | J21: _______________________________________________________________________________________________7576,59 | L21: чел.час
D22: Составлен(а) в текущих (прогнозных) ценах по состоянию на ______________
A25: № пп | B25: Обосно- вание | C25: Наименование | D25: Ед. изм. | E25: Кол. | F25: Стоимость единицы, руб. | J25: Общая стоимость, руб. | O25: Т/з осн. раб.на ед. | P25: Т/з осн. раб. Всего | Q25: Общая масса обору-дования, т
F26: Всего | G26: В том числе | J26: Обору- дование | K26: Всего | L26: В том числе
G27: Осн.З/п | H27: Эк.Маш | I27: З/пМех | L27: Осн.З/п | M27: Эк.Маш | N27: З/пМех
A28: 1 | B28: 2 | C28: 3 | D28: 4 | E28: 5 | F28: 6 | G28: 7 | H28: 8 | I28: 9 | J28: 10 | K28: 11 | L28: 12 | M28: 13 | N28: 14 | O28: 15 | P28: 16 | Q28: 17
A29: Раздел 1. Электрооснабжение
A30: Силовое оборудование
A31: 1 | B31: ТЕРм08-01-025-02 | C31: Подстанция комплектная трансформаторная напряжением до 10 кВ с трансформатором мощностью до 1000 кВ·А НР (715 руб.): 95% от ФОТ СП (489 руб.): 65% от ФОТ | D31: 1 подстанция | E31: 1 | F31: 3085.22 | G31: 573.17 | H31: 1991.63 | I31: 179.63 | K31: 3085 | L31: 573 | M31: 1992 | N31: 180 | O31: 42.3 | P31: 42.3
A32: 2 | B32: ТЕРм08-01-062-03 | C32: Трансформатор силовой, автотрансформатор или масляный реактор, масса до 7 т (Дополнительно установка 1 трансформатора) НР (674 руб.): 95% от ФОТ СП (461 руб.): 65% от ФОТ | D32: 1 шт. | E32: 1 | F32: 3938.57 | G32: 602.98 | H32: 1437.02 | I32: 105.56 | K32: 3939 | L32: 603 | M32: 1437 | N32: 106 | O32: 44.5 | P32: 44.5
A33: 3 | B33: ТЕРм08-01-085-01 | C33: Шкаф комплектных распределительных устройств с выключателем напряжением 6-10 кВ, на ток до 3200 А НР (1533 руб.): 95% от ФОТ СП (1049 руб.): 65% от ФОТ | D33: 1 шт. | E33: 2 | F33: 4077.52 | G33: 444.44 | H33: 3472.61 | I33: 362.56 | K33: 8155 | L33: 889 | M33: 6945 | N33: 725 | O33: 32.8 | P33: 65.6
A34: 4 | B34: ТЕРм08-01-080-03 | C34: Прибор измерения и защиты, количество подключаемых концов до 12 НР (61 руб.): 95% от ФОТ СП (42 руб.): 65% от ФОТ | D34: 1 шт. | E34: 2 | F34: 64.04 | G34: 30.49 | H34: 23.38 | I34: 1.46 | K34: 128 | L34: 61 | M34: 47 | N34: 3 | O34: 2.25 | P34: 4.5
A35: 5 | B35: ТЕРм08-01-084-01 | C35: Камера сборных распределительных устройств с масляным выключателем НР (674 руб.): 95% от ФОТ СП (461 руб.): 65% от ФОТ | D35: 1 шт. | E35: 2 | F35: 681.28 | G35: 334.69 | H35: 318.55 | I35: 19.84 | K35: 1363 | L35: 669 | M35: 637 | N35: 40 | O35: 24.7 | P35: 49.4
A36: 6 О | B36: Комерческое предложение №575 от 18 июля 2013г. | C36: 2КТБ 1000/6/0,4 Цена=5 928 800/1,18/3,63 | D36: шт | E36: 1 | F36: 1384134.1 | J36: 1384134 | K36: 1384134
A37: 7 О | B37: Комерческое предложение №575 от 18 июля 2013г. | C37: Трансформатор ТМГ-1000/6/,04 Цена=428800/1,18/3,63 | D37: шт | E37: 2 | F37: 100107.39 | J37: 200215 | K37: 200215
A38: 8 О | B38: Комерческое предложение №578 от 19 июля 2013г. | C38: КСО298-7ВВ-1000У3 Цена=371600/1,18/3,63 | D38: шт | E38: 2 | F38: 86753.51 | J38: 173507 | K38: 173507
A39: 9 | B39: ТЕРм08-03-575-01 | C39: Прибор или аппарат НР (29 руб.): 95% от ФОТ СП (20 руб.): 65% от ФОТ | D39: 1 шт. | E39: 2 | F39: 16.3 | G39: 15.65 | K39: 33 | L39: 31 | O39: 1.12 | P39: 2.24
A40: 10 О | B40: ИЦ БРЕСЛЕР | C40: Микропроцессорное устройство ТЭМП2501 | D40: шт | E40: 2 | F40: 8991.83 | J40: 17984 | K40: 17984
A41: Наружное освещение
A42: 11 | B42: ТЕР01-02-031-01 | C42: Бурение ям бурильно-крановыми машинами на тракторе глубиной до 2 м, группа грунтов 1 НР (211 руб.): 80% от ФОТ СП (119 руб.): 45% от ФОТ | D42: 100 ям | E42: 0,82 82/100 | F42: 1326.68 | G42: 123.91 | H42: 1202.77 | I42: 197.76 | K42: 1088 | L42: 102 | M42: 986 | N42: 162 | O42: 16.7 | P42: 13.69
A43: 12 | B43: ТЕР33-02-013-01 | C43: Установка стальных стоек массой до 0,7 т 989,62 = 13 349,62 - 1,03 x 12 000,00 НР (12291 руб.): 105% от ФОТ СП (7024 руб.): 60% от ФОТ | D43: 1 т конструкций | E43: 33,128 82*404/1000 | F43: 989.62 | G43: 286.38 | H43: 598.19 | I43: 66.98 | K43: 32784 | L43: 9487 | M43: 19817 | N43: 2219 | O43: 20.21 | P43: 669.52
A44: 13 | B44: Прайс-лист СитиСветМонтаж 2 квартал 2013г. | C44: ОПОРЫ СИЛОВЫЕ ТРУБЧАТЫЕ ПРЯМОСТОЕЧНЫЕ СП 400-8,5/10,5 Цена=29000,48/1,18/5,53 | D44: шт. | E44: 82 | F44: 4444.17 | K44: 364422
A45: 14 | B45: ТЕР33-04-014-02 | C45: Установка светильников с лампами люминесцентными НР (3537 руб.): 105% от ФОТ СП (2021 руб.): 60% от ФОТ | D45: 1 светильник | E45: 82 | F45: 114.15 | G45: 28.58 | H45: 85.08 | I45: 12.5 | K45: 9360 | L45: 2344 | M45: 6977 | N45: 1025 | O45: 2.29 | P45: 187.78
A46: 15 | B46: Прайс- лист ООО «Электропоставка» | C46: Кронштейн 1.К-2,0-2,0-01 Цена=7690/1,18/5,53 | D46: шт. | E46: 82 | F46: 1178.47 | K46: 96635
A47: 16 | B47: Прайс-лист Фокус 2 квартал 2013г. | C47: Светильник УСС70/100 Цена=18500/1,18/5,53 | D47: шт. | E47: 82 | F47: 2835.08 | K47: 232477
A48: 17 | B48: ТЕРм08-02-369-02 | C48: Светильник, устанавливаемый вне зданий с лампами люминесцентными НР (382 руб.): 95% от ФОТ СП (261 руб.): 65% от ФОТ | D48: 1 шт. | E48: 8 | F48: 222.62 | G48: 34.61 | H48: 136.74 | I48: 15.65 | K48: 1781 | L48: 277 | M48: 1094 | N48: 125 | O48: 2.34 | P48: 18.72
A49: 18 | B49: ТЕРм08-02-364-02 | C49: Кронштейн на стене НР (117 руб.): 95% от ФОТ СП (80 руб.): 65% от ФОТ | D49: 1 шт. | E49: 8 | F49: 29.48 | G49: 14.67 | H49: 11.69 | I49: 0.73 | K49: 236 | L49: 117 | M49: 94 | N49: 6 | O49: 1.05 | P49: 8.4
A50: 19 | B50: Прайс- лист ООО «Электропоставка» | C50: Кронштейн настеный 1.КК1-1,5-1,0-Н3 Цена=2875,55/1,18/5,53 | D50: шт. | E50: 8 | F50: 440.67 | K50: 3525
A51: 20 | B51: Прайс-лист Фокус 2 квартал 2013г. | C51: Светильник УСС70/100 Цена=18500/1,18/5,53 | D51: шт. | E51: 8 | F51: 2835.08 | K51: 22681
A52: 21 | B52: ТЕРм08-02-370-02 | C52: Щиток до трех групп, устанавливаемый в нише цоколя НР (18 руб.): 95% от ФОТ СП (12 руб.): 65% от ФОТ | D52: 1 шт. | E52: 1 | F52: 65.3 | G52: 16.71 | H52: 37.99 | I52: 2.37 | K52: 65 | L52: 17 | M52: 38 | N52: 2 | O52: 1.13 | P52: 1.13
A53: 22 | B53: ФССЦ-504-0548 | C53: Ящик управления освещением ЯОУ 9602-3474-54 У3 (Материалы от ФЕР к ТЕР МАТ=1,052 к расх.) | D53: шт. | E53: 1 | F53: 3822.38 | K53: 3822
A54: 23 | B54: ТЕРм08-03-532-04 | C54: Пост управления кнопочный общего назначения, устанавливаемый на конструкции на стене или колонне, количество элементов поста до 3 НР (68 руб.): 95% от ФОТ СП (47 руб.): 65% от ФОТ | D54: 1 шт. | E54: 3 | F54: 122.2 | G54: 24.12 | H54: 1.28 | K54: 367 | L54: 72 | M54: 4 | O54: 1.8 | P54: 5.4
A55: 24 | B55: ТСЦ-509-0558 | C55: Посты управления кнопочные ПКЕ212-3 У3 | D55: шт. | E55: 3 | F55: 139.5 | K55: 419
A56: 25 | B56: ТЕРм08-03-573-04 | C56: Шкаф (пульт) управления навесной, высота, ширина и глубина до 600х600х350 мм НР (2946 руб.): 95% от ФОТ СП (2016 руб.): 65% от ФОТ | D56: 1 шт. | E56: 82 | F56: 99.26 | G56: 33.11 | H56: 62.05 | I56: 4.71 | K56: 8139 | L56: 2715 | M56: 5088 | N56: 386 | O56: 2.37 | P56: 194.34
A57: 26 | B57: Энергопортал | C57: Вводный щиток с предохранителем 4А ТВ-2 | D57: шт | E57: 82 | F57: 197.08 | K57: 16161
A58: 27 | B58: ТЕРм08-01-082-01 | C58: Зажим наборный без кожуха НР (1991 руб.): 95% от ФОТ СП (1362 руб.): 65% от ФОТ | D58: 100 шт. | E58: 3,28 328/100 | F58: 1335.56 | G58: 636.85 | H58: 33.85 | I58: 2 | K58: 4381 | L58: 2089 | M58: 111 | N58: 7 | O58: 47 | P58: 154.16
A59: 28 | B59: Aleksander Siilbaum Elktrikaup | C59: Ответвительная клемма сечением 50мм2 ENSTO КЕ66.3 | D59: шт | E59: 328 | F59: 21.55 | K59: 7068
A60: 29 | B60: ТЕРм08-02-397-01 | C60: Профиль перфорированный монтажный длиной 2 м НР (30 руб.): 95% от ФОТ СП (21 руб.): 65% от ФОТ | D60: 100 м | E60: 0,164 82*0,2/100 | F60: 1392.25 | G60: 141.78 | H60: 242.87 | I60: 57.25 | K60: 228 | L60: 23 | M60: 40 | N60: 9 | O60: 10.7 | P60: 1.75
A61: 30 | B61: ФССЦ-509-2642 | C61: DIN-рейка длиной 200 мм (Материалы от ФЕР к ТЕР МАТ=1,052 к расх.) | D61: шт. | E61: 82 | F61: 4.24 | K61: 348
A62: Заземление
A63: 31 | B63: ТЕР01-02-057-01 | C63: Разработка грунта вручную в траншеях глубиной до 2 м без креплений с откосами, группа грунтов 1 НР (163 руб.): 80% от ФОТ СП (92 руб.): 45% от ФОТ | D63: 100 м3 грунта | E63: 0,1575 0,35*45/100 | F63: 1296.82 | G63: 1296.82 | K63: 204 | L63: 204 | O63: 118 | P63: 18.59
A64: 32 | B64: ТЕРм08-02-471-02 | C64: Заземлитель вертикальный из угловой стали размером 63х63х6 мм НР (231 руб.): 95% от ФОТ СП (158 руб.): 65% от ФОТ | D64: 10 шт. | E64: 1,5 15/10 | F64: 1345.99 | G64: 156.35 | H64: 103.37 | I64: 5.46 | K64: 2019 | L64: 235 | M64: 155 | N64: 8 | O64: 11.8 | P64: 17.7
A65: 33 | B65: ТЕРм08-02-472-02 | C65: Заземлитель горизонтальный из стали полосовой сечением 160 мм2 НР (96 руб.): 95% от ФОТ СП (66 руб.): 65% от ФОТ | D65: 100 м | E65: 0,45 45/100 | F65: 1242.52 | G65: 219.95 | H65: 92.37 | I65: 4 | K65: 559 | L65: 99 | M65: 42 | N65: 2 | O65: 16.6 | P65: 7.47
A66: 34 | B66: ТЕР01-02-061-01 | C66: Засыпка вручную траншей, пазух котлованов и ям, группа грунтов 1 НР (118 руб.): 80% от ФОТ СП (66 руб.): 45% от ФОТ | D66: 100 м3 грунта | E66: 0,1575 0,35*45/100 | F66: 935.45 | G66: 935.45 | K66: 147 | L66: 147 | O66: 88.5 | P66: 13.94
A67: Кабельная продукция
A68: 35 | B68: ТЕР01-02-057-01 | C68: Разработка грунта вручную в траншеях глубиной до 2 м без креплений с откосами, группа грунтов 1 НР (4613 руб.): 80% от ФОТ СП (2595 руб.): 45% от ФОТ | D68: 100 м3 грунта | E68: 4,4462 0,517*860/100 | F68: 1296.82 | G68: 1296.82 | K68: 5766 | L68: 5766 | O68: 118 | P68: 524.65
A69: 36 | B69: ТЕРм08-02-142-01 | C69: Устройство постели при одном кабеле в траншее НР (730 руб.): 95% от ФОТ СП (499 руб.): 65% от ФОТ | D69: 100 м кабеля | E69: 4,25 850/2/100 | F69: 1549.97 | G69: 89.84 | H69: 1458.33 | I69: 90.82 | K69: 6587 | L69: 382 | M69: 6198 | N69: 386 | O69: 6.63 | P69: 28.18
A70: 37 | B70: ТЕРм08-02-142-02 | C70: На каждый последующий кабель добавлять к расценке 08-02-142-01 НР (724 руб.): 95% от ФОТ СП (495 руб.): 65% от ФОТ | D70: 100 м кабеля | E70: 12,75 850*3/2/100 | F70: 452.33 | G70: 33.74 | H70: 417.92 | I70: 26.03 | K70: 5767 | L70: 430 | M70: 5328 | N70: 332 | O70: 2.49 | P70: 31.75
A71: 38 | B71: ТЕРм08-02-141-04 | C71: Кабель до 35 кВ в готовых траншеях без покрытий, масса 1 м до 6 кг НР (13377 руб.): 95% от ФОТ СП (9153 руб.): 65% от ФОТ | D71: 100 м кабеля | E71: 34,4 3440/100 | F71: 1606.72 | G71: 295.39 | H71: 1194.52 | I71: 113.96 | K71: 55271 | L71: 10161 | M71: 41091 | N71: 3920 | O71: 21.8 | P71: 749.92
A72: 39 | B72: Прайс-лист Региональные кабельные базы. | C72: Кабель АСБл-6 3х50 | D72: м | E72: 3508,8 3440*1,02 | F72: 66.71 | K72: 234072
A73: 40 | B73: ТЕРм08-02-143-01 | C73: Покрытие кабеля, проложенного в траншее кирпичом одного кабеля НР (668 руб.): 95% от ФОТ СП (457 руб.): 65% от ФОТ | D73: 100 м кабеля | E73: 4,25 850/2/100 | F73: 1329.11 | G73: 88.21 | H73: 1239.14 | I73: 77.17 | K73: 5649 | L73: 375 | M73: 5266 | N73: 328 | O73: 6.51 | P73: 27.67
A74: 41 | B74: ТЕРм08-02-143-02 | C74: Покрытие кабеля, проложенного в траншее кирпичом каждого последующего НР (1117 руб.): 95% от ФОТ СП (764 руб.): 65% от ФОТ | D74: 100 м кабеля | E74: 12,75 850*3/2/100 | F74: 789.31 | G74: 46.07 | H74: 742.32 | I74: 46.23 | K74: 10064 | L74: 587 | M74: 9465 | N74: 589 | O74: 3.4 | P74: 43.35
A75: 42 | B75: ТСЦ-404-0114 | C75: Kирпич керамический полнотелый утолщенный, размером 250х120х88 мм, марка 25 | D75: 1000 шт. | E75: 3,04 3040/1000 | F75: 553.53 | K75: 1683
A76: 43 | B76: ТЕР01-02-061-01 | C76: Засыпка вручную траншей, пазух котлованов и ям, группа грунтов 1 НР (3327 руб.): 80% от ФОТ СП (1872 руб.): 45% от ФОТ | D76: 100 м3 грунта | E76: 4,4462 0,517*860/100 | F76: 935.45 | G76: 935.45 | K76: 4159 | L76: 4159 | O76: 88.5 | P76: 393.49
A77: 44 | B77: ТЕРм08-02-165-07 | C77: Муфта концевая эпоксидная для 3-жильного кабеля напряжением до 10 кВ, сечение одной жилы до 120 мм2 НР (1639 руб.): 95% от ФОТ СП (1121 руб.): 65% от ФОТ | D77: 1 шт. | E77: 8 | F77: 1075.97 | G77: 103.12 | H77: 967.12 | I77: 112.48 | K77: 8608 | L77: 825 | M77: 7737 | N77: 900 | O77: 7.61 | P77: 60.88
A78: 45 | B78: ТСЦ-502-0782 | C78: Муфта термоусаживаемая концевая наружной установки для кабеля с пропитанной бумажной изоляцией на напряжение до 10 кВ, марки КНТп10-70/120 с болтовыми наконечниками и комплектом пайки для присоединения заземления (GUST 12/70-120/800-l12) | D78: компл. | E78: 8 | F78: 569.63 | K78: 4557
A79: 46 | B79: ТЕР01-02-057-01 | C79: Разработка грунта вручную в траншеях глубиной до 2 м без креплений с откосами, группа грунтов 1 НР (1094 руб.): 80% от ФОТ СП (615 руб.): 45% от ФОТ | D79: 100 м3 грунта | E79: 1,054 0,31*340/100 | F79: 1296.82 | G79: 1296.82 | K79: 1367 | L79: 1367 | O79: 118 | P79: 124.37
A80: 47 | B80: ТЕРм08-02-142-01 | C80: Устройство постели при одном кабеле в траншее НР (292 руб.): 95% от ФОТ СП (200 руб.): 65% от ФОТ | D80: 100 м кабеля | E80: 1,7 340/2/100 | F80: 1549.97 | G80: 89.84 | H80: 1458.33 | I80: 90.82 | K80: 2635 | L80: 153 | M80: 2479 | N80: 154 | O80: 6.63 | P80: 11.27
A81: 48 | B81: ТЕРм08-02-142-02 | C81: На каждый последующий кабель добавлять к расценке 08-02-142-01 НР (96 руб.): 95% от ФОТ СП (66 руб.): 65% от ФОТ | D81: 100 м кабеля | E81: 1,7 340/2/100 | F81: 452.33 | G81: 33.74 | H81: 417.92 | I81: 26.03 | K81: 769 | L81: 57 | M81: 710 | N81: 44 | O81: 2.49 | P81: 4.23
A82: 49 | B82: ТЕРм08-02-141-04 | C82: Кабель до 35 кВ в готовых траншеях без покрытий, масса 1 м до 6 кг НР (1321 руб.): 95% от ФОТ СП (904 руб.): 65% от ФОТ | D82: 100 м кабеля | E82: 3,4 340/100 | F82: 1606.72 | G82: 295.39 | H82: 1194.52 | I82: 113.96 | K82: 5463 | L82: 1004 | M82: 4061 | N82: 387 | O82: 21.8 | P82: 74.12
A83: 50 | B83: ФССЦ-501-8427 | C83: Кабель силовой с медными жилами с поливинилхлоридной изоляцией с броней из стальной ленты в шланге из поливинилхлорида ВБбШвнг, напряжением 1,0 Кв, число жил – 4 и сечением 70 мм2 (Материалы от ФЕР к ТЕР МАТ=1,052) | D83: 1000 м | E83: 0,3468 (340)*1,02/1000 | F83: 170020.02 | K83: 58963
A84: 51 | B84: ТЕР01-02-061-01 | C84: Засыпка вручную траншей, пазух котлованов и ям, группа грунтов 1 НР (789 руб.): 80% от ФОТ СП (444 руб.): 45% от ФОТ | D84: 100 м3 грунта | E84: 1,054 0,31*340/100 | F84: 935.45 | G84: 935.45 | K84: 986 | L84: 986 | O84: 88.5 | P84: 93.28
A85: 52 | B85: ТЕР01-02-057-01 | C85: Разработка грунта вручную в траншеях глубиной до 2 м без креплений с откосами, группа грунтов 1 НР (311 руб.): 80% от ФОТ СП (175 руб.): 45% от ФОТ | D85: 100 м3 грунта | E85: 0,3 0,3*100/100 | F85: 1296.82 | G85: 1296.82 | K85: 389 | L85: 389 | O85: 118 | P85: 35.4
A86: 53 | B86: ТЕРм08-02-142-01 | C86: Устройство постели при одном кабеле в траншее НР (172 руб.): 95% от ФОТ СП (118 руб.): 65% от ФОТ | D86: 100 м кабеля | E86: 1 100/100 | F86: 1549.97 | G86: 89.84 | H86: 1458.33 | I86: 90.82 | K86: 1550 | L86: 90 | M86: 1458 | N86: 91 | O86: 6.63 | P86: 6.63
A87: 54 | B87: ТЕР01-02-061-01 | C87: Засыпка вручную траншей, пазух котлованов и ям, группа грунтов 1 НР (225 руб.): 80% от ФОТ СП (126 руб.): 45% от ФОТ | D87: 100 м3 грунта | E87: 0,3 0,3*100/100 | F87: 935.45 | G87: 935.45 | K87: 281 | L87: 281 | O87: 88.5 | P87: 26.55
A88: 55 | B88: ТЕР01-02-057-01 | C88: Разработка грунта вручную в траншеях глубиной до 2 м без креплений с откосами, группа грунтов 1 НР (1886 руб.): 80% от ФОТ СП (1061 руб.): 45% от ФОТ | D88: 100 м3 грунта | E88: 1,8186 0,433*420/100 | F88: 1296.82 | G88: 1296.82 | K88: 2358 | L88: 2358 | O88: 118 | P88: 214.59
A89: 56 | B89: ТЕРм08-02-142-01 | C89: Устройство постели при одном кабеле в траншее НР (720 руб.): 95% от ФОТ СП (493 руб.): 65% от ФОТ | D89: 100 м кабеля | E89: 4,2 420/100 | F89: 1549.97 | G89: 89.84 | H89: 1458.33 | I89: 90.82 | K89: 6510 | L89: 377 | M89: 6125 | N89: 381 | O89: 6.63 | P89: 27.85
A90: 57 | B90: ТЕРм08-02-142-02 | C90: На каждый последующий кабель добавлять к расценке 08-02-142-01 НР (57 руб.): 95% от ФОТ СП (39 руб.): 65% от ФОТ | D90: 100 м кабеля | E90: 1 300/3/100 | F90: 452.33 | G90: 33.74 | H90: 417.92 | I90: 26.03 | K90: 452 | L90: 34 | M90: 418 | N90: 26 | O90: 2.49 | P90: 2.49
A91: 58 | B91: ТЕР01-02-061-01 | C91: Засыпка вручную траншей, пазух котлованов и ям, группа грунтов 1 НР (1361 руб.): 80% от ФОТ СП (765 руб.): 45% от ФОТ | D91: 100 м3 грунта | E91: 1,8186 0,433*420/100 | F91: 935.45 | G91: 935.45 | K91: 1701 | L91: 1701 | O91: 88.5 | P91: 160.95
A92: 59 | B92: ТЕРм08-02-141-01 | C92: Кабель до 35 кВ в готовых траншеях без покрытий, масса 1 м до 1 кг НР (1456 руб.): 95% от ФОТ СП (996 руб.): 65% от ФОТ | D92: 100 м кабеля | E92: 6,2 (520+100)/100 | F92: 876.65 | G92: 185.64 | H92: 576.4 | I92: 61.59 | K92: 5435 | L92: 1151 | M92: 3574 | N92: 382 | O92: 13.7 | P92: 84.94
A93: 60 | B93: ФССЦ-501-8383 | C93: Кабель силовой с медными жилами с поливинилхлоридной изоляцией с броней из стальной ленты в шланге из поливинилхлорида ВБбШвнг, напряжением 0,66 Кв, число жил – 4 и сечением 10 мм2 (Материалы от ФЕР к ТЕР МАТ=1,052) | D93: 1000 м | E93: 0,5304 520*1,02/1000 | F93: 28373.32 | K93: 15049
A94: 61 | B94: Прайс-лист «Электрокабель » | C94: Кабель КВБбШнг 10х1,5 | D94: м | E94: 102 100*1,02 | F94: 14.74 | K94: 1503
A95: 62 | B95: ТЕР01-02-057-01 | C95: Разработка грунта вручную в траншеях глубиной до 2 м без креплений с откосами, группа грунтов 1 НР (9270 руб.): 80% от ФОТ СП (5214 руб.): 45% от ФОТ | D95: 100 м3 грунта | E95: 8,935 округл(0,33*(2347,5+220+140)/100;3 | F95: 1296.82 | G95: 1296.82 | K95: 11587 | L95: 11587 | O95: 118 | P95: 1054.33
A96: 63 | B96: ТЕРм08-02-142-01 | C96: Устройство постели при одном кабеле в траншее НР (4646 руб.): 95% от ФОТ СП (3179 руб.): 65% от ФОТ | D96: 100 м кабеля | E96: 27,075 (2347,5+220+140)/100 | F96: 1549.97 | G96: 89.84 | H96: 1458.33 | I96: 90.82 | K96: 41965 | L96: 2432 | M96: 39484 | N96: 2459 | O96: 6.63 | P96: 179.51
A97: 64 | B97: ТЕРм08-02-141-03 | C97: Кабель до 35 кВ в готовых траншеях без покрытий, масса 1 м до 3 кг НР (6898 руб.): 95% от ФОТ СП (4720 руб.): 65% от ФОТ | D97: 100 м кабеля | E97: 27,075 (2347,5+220+140)/100 | F97: 1111.52 | G97: 192.41 | H97: 804.36 | I97: 75.77 | K97: 30094 | L97: 5210 | M97: 21778 | N97: 2051 | O97: 14.2 | P97: 384.47
A98: 65 | B98: ТЕР01-02-061-01 | C98: Засыпка вручную траншей, пазух котлованов и ям, группа грунтов 1 НР (6686 руб.): 80% от ФОТ СП (3761 руб.): 45% от ФОТ | D98: 100 м3 грунта | E98: 8,93475 0,33*(2347,5+220+140)/100 | F98: 935.45 | G98: 935.45 | K98: 8358 | L98: 8358 | O98: 88.5 | P98: 790.73
A99: 66 | B99: ФССЦ-501-8426 | C99: Кабель силовой с медными жилами с поливинилхлоридной изоляцией с броней из стальной ленты в шланге из поливинилхлорида ВБбШвнг, напряжением 1,0 Кв, число жил – 4 и сечением 50 мм2 (Материалы от ФЕР к ТЕР МАТ=1,052) | D99: 1000 м | E99: 0,2244 220*1,02/1000 | F99: 123119.87 | K99: 27628
A100: 67 | B100: ФССЦ-501-8426 применит. | C100: Кабель силовой с медными жилами с поливинилхлоридной изоляцией с броней из стальной ленты в шланге из поливинилхлорида ВБбШ, напряжением 1,0 Кв, число жил – 4 и сечением 50 мм2 (Материалы от ФЕР к ТЕР МАТ=1,052 к расх.) | D100: 1000 м | E100: 2,39445 2347,5*1,02/1000 | F100: 123119.87 | K100: 294804
A101: 68 | B101: ФССЦ-501-8424 применит. | C101: Кабель силовой с медными жилами с поливинилхлоридной изоляцией с броней из стальной ленты в шланге из поливинилхлорида ВБбШвнг, напряжением 1,0 Кв, число жил – 4 и сечением 25 мм2 (Материалы от ФЕР к ТЕР МАТ=1,052 к расх.) | D101: 1000 м | E101: 0,1428 140*1,02/1000 | F101: 64101.51 | K101: 9154
A102: 69 | B102: ТЕР34-02-001-03 | C102: Устройство трубопроводов из асбестоцементных труб с соединением полиэтиленовыми муфтами до 2 отверстий НР (173 руб.): 100% от ФОТ СП (112 руб.): 65% от ФОТ | D102: 1 канало-километр трубопровода | E102: 0,1008 100,8/1000 | F102: 18879.28 | G102: 1715.04 | K102: 1903 | L102: 173 | O102: 144 | P102: 14.52
A103: Прокол
A104: №1 26,55м
A105: 70 | B105: ТЕР34-02-019-01 | C105: Устройство переходов в грунтах I-III группы для прокладки труб диаметром до 160 мм, через автомобильные, железные дороги и другие коммуникации с помощью установок горизонтально-направленного бурения и проходческих машин с тяговым усилием 40 Кн 1 130,10 = 1 062,44 + 1 x 67,66 НР (4656 руб.): 100% от ФОТ СП (3026 руб.): 65% от ФОТ | D105: 1 м | E105: 106,2 4*26,55 | F105: 1130.1 | G105: 4.29 | H105: 772.13 | I105: 39.55 | K105: 120017 | L105: 456 | M105: 82000 | N105: 4200 | O105: 0.32 | P105: 33.98
A106: №2 10,450м
A107: 71 | B107: ТЕР34-02-019-01 | C107: Устройство переходов в грунтах I-III группы для прокладки труб диаметром до 160 мм, через автомобильные, железные дороги и другие коммуникации с помощью установок горизонтально-направленного бурения и проходческих машин с тяговым усилием 40 Кн 1 130,10 = 1 062,44 + 1 x 67,66 НР (917 руб.): 100% от ФОТ СП (596 руб.): 65% от ФОТ | D107: 1 м | E107: 20,9 2*10,45 | F107: 1130.1 | G107: 4.29 | H107: 772.13 | I107: 39.55 | K107: 23619 | L107: 90 | M107: 16138 | N107: 827 | O107: 0.32 | P107: 6.69
A108: №3 21м
...

Sheet 02-01-02
H1: ФГУП "Комбинат "Электрохимприбор"
H2: (наименование стройки)
H4: ЛОКАЛЬНЫЙ СМЕТНЫЙ РАСЧЕТ № 02-01-02
H5: (локальная смета)
C7: на | D7: устройство фундаментной плиты ФП1, Электроснабжение промплощадки №5
H8: (наименование работ и затрат, наименование объекта)
D10: Основание: П-055/10661-ТКР
D11: Сметная стоимость строительных работ _______________________________________________________________________________________________ | J11: ___________________________24,919 | L11: тыс. руб.
D12: Средства на оплату труда _______________________________________________________________________________________________ | J12: ___________________________1,323 | L12: тыс. руб.
D13: Сметная трудоемкость _______________________________________________________________________________________________ | J13: _______________________________________________________________________________________________98,35 | L13: чел.час
D14: Составлен(а) в текущих (прогнозных) ценах 2001г.
A17: № пп | B17: Обосно- вание | C17: Наименование | D17: Ед. изм. | E17: Кол. | F17: Стоимость единицы, руб. | J17: Общая стоимость, руб. | N17: Т/з осн. раб.на ед. | O17: Т/з осн. раб. Всего | P17: Т/з мех. на ед. | Q17: Т/з мех. Всего
F18: Всего | G18: В том числе | J18: Всего | K18: В том числе
G19: Осн.З/п | H19: Эк.Маш | I19: З/пМех | K19: Осн.З/п | L19: Эк.Маш | M19: З/пМех
A20: 1 | B20: 2 | C20: 3 | D20: 4 | E20: 5 | F20: 6 | G20: 7 | H20: 8 | I20: 9 | J20: 10 | K20: 11 | L20: 12 | M20: 13 | N20: 14 | O20: 15 | P20: 16 | Q20: 17
A21: Раздел 1. Земляные работы
A22: 1 | B22: ТЕР01-01-013-07 | C22: Разработка грунта с погрузкой на автомобили-самосвалы экскаваторами с ковшом вместимостью 0,65 (0,5-1) м3, группа грунтов 1 | D22: 1000 м3 грунта | E22: 0,066 котлов*0,93/1000 | F22: 4089.05 | G22: 101.99 | H22: 3983.23 | I22: 455.32 | J22: 270 | K22: 7 | L22: 263 | M22: 30 | N22: 9.28 | O22: 0.61 | P22: 26.91 | Q22: 1.78
A23: 2 | B23: ТЕР01-02-057-02 | C23: Разработка грунта вручную в траншеях глубиной до 2 м без креплений с откосами, группа грунтов 2 | D23: 100 м3 грунта | E23: 0,05 котлов*0,07/100 | F23: 2030.95 | G23: 2030.95 | J23: 102 | K23: 102 | N23: 184.8 | O23: 9.24
A24: 3 | B24: ТЕР01-01-013-07 | C24: Разработка грунта с погрузкой на автомобили-самосвалы экскаваторами с ковшом вместимостью 0,65 (0,5-1) м3, группа грунтов 1 (погрузка грунта от ручной доработки) | D24: 1000 м3 грунта | E24: 0,005 котлов*0,07/1000 | F24: 4089.05 | G24: 101.99 | H24: 3983.23 | I24: 455.32 | J24: 20 | K24: 1 | L24: 19 | M24: 2 | N24: 9.28 | O24: 0.05 | P24: 26.91 | Q24: 0.13
A25: 4 | B25: СЦП3-3-1-1 | C25: Перевозка грузов автомобилями-самосвалами (работающими вне карьеров): расстояние 1 км, класс груза I | D25: т | E25: 127,8 котлов*1,8 | F25: 3.16 | H25: 3.16 | J25: 404 | L25: 404
A26: 5 | B26: ТСЦ-408-0200 примен. | C26: Непучинистый грунт для обратной засыпки | D26: м3 | E26: 27 засып | F26: 138.7 | J26: 3745
A27: 6 | B27: ТЕР01-01-033-02 | C27: Засыпка траншей и котлованов с перемещением грунта до 5 м бульдозерами мощностью 59 кВт (80 л.с.), группа грунтов 2 | D27: 1000 м3 грунта | E27: 0,026 засып*0,95/1000 | F27: 822.69 | H27: 822.69 | I27: 138.55 | J27: 21 | L27: 21 | M27: 4 | P27: 8.87 | Q27: 0.23
A28: 7 | B28: ТЕР01-02-005-01 | C28: Уплотнение грунта пневматическими трамбовками, группа грунтов 1-2 | D28: 100 м3 уплотненного грунта | E28: 0,26 засып*0,95/100 | F28: 604.71 | G28: 150.49 | H28: 454.22 | I28: 47.48 | J28: 157 | K28: 39 | L28: 118 | M28: 12 | N28: 12.53 | O28: 3.26 | P28: 3.04 | Q28: 0.79
A29: 8 | B29: ТЕР01-02-061-02 | C29: Засыпка вручную траншей, пазух котлованов и ям, группа грунтов 2 | D29: 100 м3 грунта | E29: 0,01 засып*0,05/100 | F29: 1027.4 | G29: 1027.4 | J29: 10 | K29: 10 | N29: 97.2 | O29: 0.97
A30: Раздел 2. Фундаменты
A31: 9 | B31: ТЕР08-01-002-01 примен. | C31: Устройство основания под фундаменты песчано-гравийного 68,31 = 238,30 - 1,2 x 141,66 | D31: 1 м3 основания | E31: 9,7 0,2*(6,9*6,9+(6,9+6,9)*0,2*0,25+1,33*0,05*0,05) | F31: 68.31 | G31: 26.47 | H31: 41.11 | I31: 4.09 | J31: 663 | K31: 257 | L31: 399 | M31: 40 | N31: 2.3 | O31: 22.31 | P31: 0.29 | Q31: 2.81
A32: 10 | B32: ТСЦ-408-0200 | C32: Смесь песчано-гравийная природная | D32: м3 | E32: 11.64 | F32: 138.7 | J32: 1614
A33: 11 | B33: ТЕР06-01-001-01 | C33: Устройство бетонной подготовки (из бетона класса В7,5) 9 627,53 = 64 980,89 - 102 x 542,68 | D33: 100 м3 бетона, бутобетона и железобетона в деле | E33: 0,037 3,7/100 | F33: 9627.53 | G33: 1978.2 | H33: 4648.35 | I33: 327.6 | J33: 356 | K33: 73 | L33: 172 | M33: 12 | N33: 180 | O33: 6.66 | P33: 18 | Q33: 0.67
A34: 12 | B34: ТСЦ-401-0063 | C34: Бетон тяжелый, крупность заполнителя 20 мм, класс В7,5 (М100) | D34: м3 | E34: 3.774 | F34: 562.22 | J34: 2122
A35: 13 | B35: ТЕР06-01-001-16 | C35: Устройство фундаментных плит железобетонных плоских (из бетона класса В20, F100, W6) 10 431,98 = 70 670,20 - 101,5 x 593,48 | D35: 100 м3 бетона, бутобетона и железобетона в деле | E35: 0,07 7/100 | F35: 10431.98 | G35: 2650.13 | H35: 7038.24 | I35: 496.22 | J35: 730 | K35: 186 | L35: 493 | M35: 35 | N35: 220.66 | O35: 15.45 | P35: 27.31 | Q35: 1.91
A36: 14 | B36: ТСЦ-401-0067 | C36: Бетон тяжелый, крупность заполнителя 20 мм, класс В20 (М250) | D36: м3 | E36: 7.105 | F36: 627.08 | J36: 4455
A37: 15 | B37: Тех. часть IV табл. 2 | C37: Надбавки к оптовой цене на 1 м3 бетона | D37: м3 | E37: 7.105 | F37: 12.04 | J37: 86
A38: 16 | B38: ТСЦ-204-0002 примен. | C38: Горячекатаная арматурная сталь гладкая класса А-I, диаметром 8 мм (8A240) | D38: т | E38: 0,042 42*0,001 | F38: 4637.68 | J38: 195
A39: 17 | B39: ТСЦ-204-0021 примен. | C39: Горячекатаная арматурная сталь периодического профиля класса А-III, диаметром 10 мм (10A400) | D39: т | E39: 0,6 600*0,001 | F39: 4963.66 | J39: 2978
A40: 18 | B40: ТСЦ-204-0036 примен. | C40: Надбавки к ценам заготовок за сборку и сварку каркасов и сеток плоских, диаметром 10 мм (10A400) | D40: т | E40: 0,6 600*0,001 | F40: 2208.6 | J40: 1325
A41: 19 | B41: ТЕР08-01-003-07 | C41: Гидроизоляция боковая обмазочная битумная в 2 слоя по выровненной поверхности бутовой кладки, кирпичу, бетону | D41: 100 м2 изолируемой поверхности | E41: 0,227 (5.9*4*0.2+5,3*4*0,85)/100 | F41: 1496.69 | G41: 284.08 | H41: 104.01 | J41: 340 | K41: 64 | L41: 24 | N41: 21.2 | O41: 4.81
A42: 20 | B42: ТЕР11-01-004-09 | C42: Устройство гидроизоляции обмазочной в один слой праймером (2 слоя) | D42: 100 м2 изолируемой поверхности | E42: 0,067 (5.9*5.9-5.3*5.3)/100 | F42: 1659.98 | G42: 831.76 | H42: 73.5 | I42: 0.94 | J42: 111 | K42: 56 | L42: 5 | N42: 53.94 | O42: 3.61 | P42: 0.06
A43: Раздел 3. Наружняя отделка
A44: 21 | B44: ТЕР15-04-012-01 примен. | C44: Окраска выступающей части подземного приямка на h=500 мм акриловой фасадной краской цвет RAL7037 за 2 раза по акриловой грунтовке | D44: 100 м2 окрашиваемой поверхности | E44: 0,11 11/100 | F44: 2073.65 | G44: 183.9 | H44: 13.56 | J44: 228 | K44: 20 | L44: 1 | N44: 14.39 | O44: 1.58
A45: 22 | B45: ТЕР15-04-012-01 примен. | C45: Окраска наружной поверхности стен по периметру акриловой фасадной краской цвет RAL7047 за 2 раза по акриловой грунтовке | D45: 100 м2 окрашиваемой поверхности | E45: 0,429 42,9/100 | F45: 2073.65 | G45: 183.9 | H45: 13.56 | J45: 890 | K45: 79 | L45: 6 | N45: 14.39 | O45: 6.17
A46: 23 | B46: ТЕР15-04-040-10 | C46: Окраска вентиляционных решеток и дверных полотен порошковыми краскапми цвет RAL5017 | D46: 100 м2 окрашиваемой поверхности | E46: 0,145 14,5/100 | F46: 868.63 | G46: 719.15 | H46: 1.49 | I46: 0.16 | J46: 126 | K46: 104 | N46: 56.94 | O46: 8.26 | P46: 0.01
A47: Раздел 4. Разные работы
A48: Отмостка
A49: 24 | B49: ТЕР11-01-002-09 | C49: Устройство подстилающих слоев бетонных (из бетона класса В15) 52,12 = 613,48 - 1,02 x 550,35 | D49: 1 м3 подстилающего слоя | E49: 2,52 (5,3*4+4)*1*0,1 | F49: 52.12 | G49: 43.22 | H49: 0.27 | J49: 131 | K49: 109 | L49: 1 | N49: 3.66 | O49: 9.22
A50: 25 | B50: ТЕР27-07-001-01 | C50: Устройство асфальтобетонных покрытий дорожек и тротуаров однослойных из литой мелкозернистой асфальто-бетонной смеси толщиной 3 см (толщиной 5 см) | D50: 100 м2 покрытия | E50: 0,252 (5,3*4+4)*1/100 | F50: 3558.48 | G50: 197.92 | H50: 47.98 | I50: 0.83 | J50: 897 | K50: 50 | L50: 12 | N50: 15.12 | O50: 3.81 | P50: 0.05 | Q50: 0.01
A51: 26 | B51: ТЕР27-07-001-02 | C51: На каждые 0,5 см изменения толщины покрытия добавлять к расценке 27-07-001-01 | D51: 100 м2 покрытия | E51: 0,252 (5,3*4+4)*1/100 | F51: 2270.16 | G51: 121.48 | H51: 26.96 | J51: 572 | K51: 31 | L51: 7 | N51: 9.28 | O51: 2.34
A52: Итого прямые затраты по смете в ценах 2001г. | J52: 22548 | K52: 1188 | L52: 1945 | M52: 135 | O52: 98.35 | Q52: 8.33
A53: Накладные расходы | J53: 1472
A54: В том числе, справочно:
A55: 80% ФОТ (от 112) (Поз. 2, 8) | J55: 90
A56: 95% ФОТ (от 95) (Поз. 1, 3, 6-7) | J56: 90
A57: 105% ФОТ (от 509) (Поз. 11, 13, 21-23) | J57: 534
A58: 122% ФОТ (от 361) (Поз. 9, 19) | J58: 440
A59: 123% ФОТ (от 165) (Поз. 20, 24) | J59: 203
A60: 142% ФОТ (от 81) (Поз. 25-26) | J60: 115
A61: Сметная прибыль | J61: 899
A62: В том числе, справочно:
A63: 45% ФОТ (от 112) (Поз. 2, 8) | J63: 50
A64: 50% ФОТ (от 95) (Поз. 1, 3, 6-7) | J64: 48
A65: 55% ФОТ (от 203) (Поз. 21-23) | J65: 112
A66: 65% ФОТ (от 306) (Поз. 11, 13) | J66: 199
A67: 75% ФОТ (от 165) (Поз. 20, 24) | J67: 124
A68: 80% ФОТ (от 361) (Поз. 9, 19) | J68: 289
A69: 95% ФОТ (от 81) (Поз. 25-26) | J69: 77
A70: Итоги по смете:
A71: Земляные работы, выполняемые механизированным способом | J71: 606 | O71: 3.92 | Q71: 2.93
A72: Земляные работы, выполняемые ручным способом | J72: 252 | O72: 10.21
A73: Перевозка грузов автотранспортом | J73: 404
A74: Материалы | J74: 16520
A75: Конструкции из кирпича и блоков | J75: 1732 | O75: 27.12 | Q75: 2.81
A76: Бетонные и железобетонные монолитные конструкции в промышленном строительстве | J76: 1606 | O76: 22.11 | Q76: 2.58
A77: Полы | J77: 569 | O77: 12.83
A78: Отделочные работы | J78: 1569 | O78: 16.01
A79: Автомобильные дороги | J79: 1661 | O79: 6.15 | Q79: 0.01
A80: Итого | J80: 24919 | O80: 98.35 | Q80: 8.33
A81: В том числе:
A82: Материалы | J82: 19415
A83: Машины и механизмы | J83: 1945
A84: ФОТ | J84: 1323
A85: Накладные расходы | J85: 1472
A86: Сметная прибыль | J86: 899
A87: ВСЕГО по смете | J87: 24919 | O87: 98.35 | Q87: 8.33
A91: Составил ведущий инженер: ___________________________Ракевич О.Ю.
A92: (должность, подпись, расшифровка)
A94: Проверил начальник группы: ___________________________Труфанова Г.К.
A95: (должность, подпись, расшифровка)

Sheet 07-01
H1: ФГУП "Комбинат "Электрохимприбор"
H2: (наименование стройки)
H4: ЛОКАЛЬНЫЙ СМЕТНЫЙ РАСЧЕТ № 07-01
H5: (локальная смета)
C7: на | D7: планировку территории, Электроснабжение промплощадки №5
H8: (наименование работ и затрат, наименование объекта)
D10: Основание: П-055/10661-ППО
D11: Сметная стоимость строительных работ _______________________________________________________________________________________________ | J11: ___________________________0,385 | L11: тыс. руб.
D12: Средства на оплату труда _______________________________________________________________________________________________ | J12: ___________________________0,052 | L12: тыс. руб.
D13: Сметная трудоемкость _______________________________________________________________________________________________ | J13: _______________________________________________________________________________________________0 | L13: чел.час
D14: Составлен(а) в текущих (прогнозных) ценах 2001г.
A17: № пп | B17: Обосно- вание | C17: Наименование | D17: Ед. изм. | E17: Кол. | F17: Стоимость единицы, руб. | J17: Общая стоимость, руб. | N17: Т/з осн. раб.на ед. | O17: Т/з осн. раб. Всего | P17: Т/з мех. на ед. | Q17: Т/з мех. Всего
F18: Всего | G18: В том числе | J18: Всего | K18: В том числе
G19: Осн.З/п | H19: Эк.Маш | I19: З/пМех | K19: Осн.З/п | L19: Эк.Маш | M19: З/пМех
A20: 1 | B20: 2 | C20: 3 | D20: 4 | E20: 5 | F20: 6 | G20: 7 | H20: 8 | I20: 9 | J20: 10 | K20: 11 | L20: 12 | M20: 13 | N20: 14 | O20: 15 | P20: 16 | Q20: 17
A21: Раздел 1. Планировка территории
A22: 1 | B22: ТЕР01-01-036-01 | C22: Планировка площадей бульдозерами мощностью 59 кВт (80л.с.) | D22: 1000 м2 | E22: 8,793 (634,20+8158,56)/1000 | F22: 35.25 | H22: 35.25 | I22: 5.94 | J22: 310 | L22: 310 | M22: 52 | P22: 0.38 | Q22: 3.34
A23: Итого прямые затраты по смете в ценах 2001г. | J23: 310 | L23: 310 | M23: 52 | Q23: 3.34
A24: Накладные расходы | J24: 49
A25: В том числе, справочно:
A26: 95% ФОТ (от 52) (Поз. 1) | J26: 49
A27: Сметная прибыль | J27: 26
A28: В том числе, справочно:
A29: 50% ФОТ (от 52) (Поз. 1) | J29: 26
A30: Итоги по смете:
A31: Земляные работы, выполняемые механизированным способом | J31: 385 | Q31: 3.34
A32: Итого | J32: 385 | Q32: 3.34
A33: В том числе:
A34: Машины и механизмы | J34: 310
A35: ФОТ | J35: 52
A36: Накладные расходы | J36: 49
A37: Сметная прибыль | J37: 26
A38: ВСЕГО по смете | J38: 385 | Q38: 3.34
A40: Составил ведущий инженер: ___________________________Ракевич О.Ю.
A41: (должность, подпись, расшифровка)
A43: Проверил начальник группы: ___________________________Труфанова Г.К.
A44: (должность, подпись, расшифровка)

Sheet 07-02
H1: ФГУП "Комбинат "Электрохимприбор"
H2: (наименование стройки)
H4: ЛОКАЛЬНЫЙ СМЕТНЫЙ РАСЧЕТ № 07-02
H5: (локальная смета)
C7: на | D7: покрытие, Электроснабжение промплощадки №5
H8: (наименование работ и затрат, наименование объекта)
D10: Основание: П-055/10661-ППО
D11: Сметная стоимость строительных работ _______________________________________________________________________________________________ | J11: ___________________________27,169 | L11: тыс. руб.
D12: Средства на оплату труда _______________________________________________________________________________________________ | J12: ___________________________0,589 | L12: тыс. руб.
D13: Сметная трудоемкость _______________________________________________________________________________________________ | J13: _______________________________________________________________________________________________28,67 | L13: чел.час
D14: Составлен(а) в текущих (прогнозных) ценах 2001г.
A17: № пп | B17: Обосно- вание | C17: Наименование | D17: Ед. изм. | E17: Кол. | F17: Стоимость единицы, руб. | J17: Общая стоимость, руб. | N17: Т/з осн. раб.на ед. | O17: Т/з осн. раб. Всего | P17: Т/з мех. на ед. | Q17: Т/з мех. Всего
F18: Всего | G18: В том числе | J18: Всего | K18: В том числе
G19: Осн.З/п | H19: Эк.Маш | I19: З/пМех | K19: Осн.З/п | L19: Эк.Маш | M19: З/пМех
A20: 1 | B20: 2 | C20: 3 | D20: 4 | E20: 5 | F20: 6 | G20: 7 | H20: 8 | I20: 9 | J20: 10 | K20: 11 | L20: 12 | M20: 13 | N20: 14 | O20: 15 | P20: 16 | Q20: 17
A21: Раздел 1. Покрытие
A22: 1 | B22: ТЕР27-03-008-04 | C22: Разборка покрытий и оснований асфальтобетонных | D22: 100 м3 конструкций | E22: 0,081 73,6*0,11/100 | F22: 9798.75 | G22: 2105.46 | H22: 7693.29 | I22: 716.85 | J22: 794 | K22: 171 | L22: 623 | M22: 58 | N22: 179.8 | O22: 14.56 | P22: 45.63 | Q22: 3.7
A23: 2 | B23: СЦП1-1-27-А | C23: Погрузочные работы при автомобильных перевозках: мусор строительный | D23: т | E23: 17,8 73,6*0,11*2,2 | F23: 2.7 | J23: 48
A24: 3 | B24: СЦП3-3-40-1 | C24: Перевозка грузов автомобилями-самосвалами (работающими вне карьеров): расстояние 40 км, класс груза I | D24: т | E24: 17,8 73,6*0,11*2,2 | F24: 38.58 | H24: 38.58 | J24: 687 | L24: 687
A25: 4 | B25: ТЕР27-04-001-02 | C25: Устройство подстилающих и выравнивающих слоев оснований из песчано-гравийной смеси, дресвы (h=0,54 м) | D25: 100 м3 | E25: 0,397 73,6*0,54/100 | F25: 2693.01 | G25: 177.48 | H25: 2481.37 | I25: 248.22 | J25: 1069 | K25: 70 | L25: 985 | M25: 99 | N25: 15.72 | O25: 6.24 | P25: 14.81 | Q25: 5.88
A26: 5 | B26: ТСЦ-408-0200 | C26: Смесь песчано-гравийная природная | D26: м3 | E26: 48,5 73,6*0,54*1,22 | F26: 138.7 | J26: 6727
A27: 6 | B27: ТЕР27-04-003-05 | C27: Устройство оснований и покрытий из песчано-гравийных или щебеночно-песчаных смесей непрерывной гранулометрии С-4 и С-6, однослойных толщиной 15 см (h=0,35 м с добавлением щебня) | D27: 1000 м2 основания или покрытия | E27: 0,0736 73,6/1000 | F27: 8562.02 | G27: 356.82 | H27: 8083.2 | I27: 366.77 | J27: 630 | K27: 26 | L27: 595 | M27: 27 | N27: 29.71 | O27: 2.19 | P27: 20.97 | Q27: 1.54
A28: 7 | B28: ТЕР27-04-003-08 | C28: На каждый 1 см изменения толщины слоя добавлять или исключать к расценкам с 27-04-003-05 по 27-04-003-07 | D28: 1000 м2 | E28: 0,0736 73,6/1000 | F28: 4389.4 | H28: 4389.4 | I28: 162.2 | J28: 323 | L28: 323 | M28: 12 | P28: 9.2 | Q28: 0.68
A29: 8 | B29: ТСЦ-408-0200 | C29: Смесь песчано-гравийная природная (80%) | D29: м3 | E29: 25,1 73,6*0,35*1,22*0,8 | F29: 138.7 | J29: 3481
A30: 9 | B30: ТСЦ-408-0006 | C30: Щебень из природного камня для строительных работ марка 1200, фракция 10-20 мм (20%) | D30: м3 | E30: 6,3 73,6*0,35*1,22*0,2 | F30: 146.57 | J30: 923
A31: 10 | B31: ТЕР27-06-026-01 | C31: Розлив вяжущих материалов | D31: 1 т | E31: 0,221 73,6*0,003 | F31: 2017.46 | H31: 46.53 | I31: 11.16 | J31: 446 | L31: 10 | M31: 2 | P31: 0.66 | Q31: 0.15
A32: 11 | B32: ТЕР27-06-020-03 | C32: Устройство покрытия толщиной 4 см из горячих асфальтобетонных смесей плотных крупнозернинистых типа АБ, плотность каменных материалов 2,5-2,9 т/м3 (толщиной 6 см) | D32: 1000 м2 покрытия | E32: 0,0736 73,6/1000 | F32: 51885.73 | G32: 518.97 | H32: 2984 | I32: 322.26 | J32: 3819 | K32: 38 | L32: 220 | M32: 24 | N32: 38.3 | O32: 2.82 | P32: 19.08 | Q32: 1.4
A33: 12 | B33: ТЕР27-06-021-03 | C33: На каждые 0,5 см изменения толщины покрытия добавлять или исключать к расценке 27-06-020-03 | D33: 1000 м2 покрытия | E33: 0,0736 73,6/1000 | F33: 24143.44 | G33: 4.88 | H33: 12.52 | J33: 1777 | L33: 1 | N33: 0.36 | O33: 0.03
A34: 13 | B34: ТЕР27-06-020-01 | C34: Устройство покрытия толщиной 4 см из горячих асфальтобетонных смесей плотных мелкозернистых типа АБВ, плотность каменных материалов 2,5-2,9 т/м3 (толщиной 5 см) | D34: 1000 м2 покрытия | E34: 0,0736 73,6/1000 | F34: 55602.96 | G34: 518.97 | H34: 2984 | I34: 322.26 | J34: 4092 | K34: 38 | L34: 220 | M34: 24 | N34: 38.3 | O34: 2.82 | P34: 19.08 | Q34: 1.4
A35: 14 | B35: ТЕР27-06-021-01 | C35: На каждые 0,5 см изменения толщины покрытия добавлять или исключать к расценке 27-06-020-01 | D35: 1000 м2 покрытия | E35: 0,0736 73,6/1000 | F35: 13003.12 | G35: 2.44 | H35: 6.64 | J35: 957 | N35: 0.18 | O35: 0.01
A36: Итого прямые затраты по смете в ценах 2001г. | J36: 25773 | K36: 343 | L36: 3664 | M36: 246 | O36: 28.67 | Q36: 14.75
A37: Накладные расходы | J37: 836
A38: В том числе, справочно:
A39: 142% ФОТ (от 589) (Поз. 1, 4, 6-7, 10-14) | J39: 836
A40: Сметная прибыль | J40: 560
A41: В том числе, справочно:
A42: 95% ФОТ (от 589) (Поз. 1, 4, 6-7, 10-14) | J42: 560
A43: Итоги по смете:
A44: Автомобильные дороги | J44: 15303 | O44: 28.67 | Q44: 14.75
A45: Погрузо-разгрузочные работы при автоперевозках | J45: 48
A46: Перевозка грузов автотранспортом | J46: 687
A47: Материалы | J47: 11131
A48: Итого | J48: 27169 | O48: 28.67 | Q48: 14.75
A49: В том числе:
A50: Материалы | J50: 21718
A51: Машины и механизмы | J51: 3664
A52: ФОТ | J52: 589
A53: Накладные расходы | J53: 836
A54: Сметная прибыль | J54: 560
A55: ВСЕГО по смете | J55: 27169 | O55: 28.67 | Q55: 14.75
A59: Составил ведущий инженер: ___________________________Ракевич О.Ю.
A60: (должность, подпись, расшифровка)
A62: Проверил начальник группы: ___________________________Труфанова Г.К.
A63: (должность, подпись, расшифровка)

Sheet 07-03
H1: ФГУП "Комбинат "Электрохимприбор"
H2: (наименование стройки)
H4: ЛОКАЛЬНЫЙ СМЕТНЫЙ РАСЧЕТ № 07-03
H5: (локальная смета)
C7: на | D7: вертикальную планировку, Электроснабжение промплощадки №5
H8: (наименование работ и затрат, наименование объекта)
D10: Основание: П-055/10661-ПЗУ
D11: Сметная стоимость строительных работ _______________________________________________________________________________________________ | J11: ___________________________3,906 | L11: тыс. руб.
D12: Средства на оплату труда _______________________________________________________________________________________________ | J12: ___________________________0,297 | L12: тыс. руб.
D13: Сметная трудоемкость _______________________________________________________________________________________________ | J13: _______________________________________________________________________________________________2,3 | L13: чел.час
D14: Составлен(а) в текущих (прогнозных) ценах 2001г.
A17: № пп | B17: Обосно- вание | C17: Наименование | D17: Ед. изм. | E17: Кол. | F17: Стоимость единицы, руб. | J17: Общая стоимость, руб. | N17: Т/з осн. раб.на ед. | O17: Т/з осн. раб. Всего | P17: Т/з мех. на ед. | Q17: Т/з мех. Всего
F18: Всего | G18: В том числе | J18: Всего | K18: В том числе
G19: Осн.З/п | H19: Эк.Маш | I19: З/пМех | K19: Осн.З/п | L19: Эк.Маш | M19: З/пМех
A20: 1 | B20: 2 | C20: 3 | D20: 4 | E20: 5 | F20: 6 | G20: 7 | H20: 8 | I20: 9 | J20: 10 | K20: 11 | L20: 12 | M20: 13 | N20: 14 | O20: 15 | P20: 16 | Q20: 17
A21: Раздел 1. Вертикальная планировка
A22: 1 | B22: ТЕР01-01-031-01 | C22: Разработка грунта с перемещением до 10 м бульдозерами мощностью 96 кВт (130 л.с.), группа грунтов 1 (снятие растительного грунта) | D22: 1000 м3 грунта | E22: 0,101 101/1000 | F22: 1558.38 | H22: 1558.38 | I22: 163.79 | J22: 157 | L22: 157 | M22: 17 | P22: 9.68 | Q22: 0.98
A23: 2 | B23: ТЕР01-01-013-07 | C23: Разработка грунта с погрузкой на автомобили-самосвалы экскаваторами с ковшом вместимостью 0,65 (0,5-1) м3, группа грунтов 1 (погрузка растительного грунта) | D23: 1000 м3 грунта | E23: 0,101 101/1000 | F23: 4089.05 | G23: 101.99 | H23: 3983.23 | I23: 455.32 | J23: 413 | K23: 10 | L23: 402 | M23: 46 | N23: 9.28 | O23: 0.94 | P23: 26.91 | Q23: 2.72
A24: 3 | B24: СЦП3-3-1-1 | C24: Перевозка грузов автомобилями-самосвалами (работающими вне карьеров): расстояние 1 км, класс груза I | D24: т | E24: 121,2 101*1,2 | F24: 3.16 | H24: 3.16 | J24: 383 | L24: 383
A25: 4 | B25: ТЕР01-01-031-02 | C25: Разработка грунта с перемещением до 10 м бульдозерами мощностью 96 кВт (130 л.с.), группа грунтов 2 (из насыпи в выемку и под корыто покрытий дорог, тротуаров и площадок) | D25: 1000 м3 грунта | E25: 0,328 (338-10)/1000 | F25: 1770.89 | H25: 1770.89 | I25: 186.12 | J25: 581 | L25: 581 | M25: 61 | P25: 11 | Q25: 3.61
A26: 5 | B26: ТЕР01-01-013-07 | C26: Разработка грунта с погрузкой на автомобили-самосвалы экскаваторами с ковшом вместимостью 0,65 (0,5-1) м3, группа грунтов 1 (погрузка избыточного грунта) | D26: 1000 м3 грунта | E26: 0,147 147/1000 | F26: 4089.05 | G26: 101.99 | H26: 3983.23 | I26: 455.32 | J26: 601 | K26: 15 | L26: 586 | M26: 67 | N26: 9.28 | O26: 1.36 | P26: 26.91 | Q26: 3.96
A27: 6 | B27: СЦП3-3-1-1 | C27: Перевозка грузов автомобилями-самосвалами (работающими вне карьеров): расстояние 1 км, класс груза I | D27: т | E27: 235,2 147*1,6 | F27: 3.16 | H27: 3.16 | J27: 743 | L27: 743
A28: 7 | B28: ТЕР01-02-001-02 | C28: Уплотнение грунта прицепными катками на пневмоколесном ходу 25 т на первый проход по одному следу при толщине слоя 30 см (за 8 проходов) | D28: 1000 м3 уплотненного грунта | E28: 0,191 191/1000 | F28: 1698.46 | H28: 1698.46 | I28: 260.4 | J28: 324 | L28: 324 | M28: 50 | P28: 15.39 | Q28: 2.94
A29: 8 | B29: ТЕР01-02-001-08 | C29: На каждый последующий проход по одному следу добавлять к расценке 01-02-001-02 | D29: 1000 м3 уплотненного грунта | E29: 0,191 191/1000 | F29: 1431.01 | H29: 1431.01 | I29: 163.45 | J29: 273 | L29: 273 | M29: 31 | P29: 9.66 | Q29: 1.85
A30: Итого прямые затраты по смете в ценах 2001г. | J30: 3475 | K30: 25 | L30: 3449 | M30: 272 | O30: 2.3 | Q30: 16.06
A31: Накладные расходы | J31: 282
A32: В том числе, справочно:
A33: 95% ФОТ (от 297) (Поз. 1-2, 4-5, 7-8) | J33: 282
A34: Сметная прибыль | J34: 149
A35: В том числе, справочно:
A36: 50% ФОТ (от 297) (Поз. 1-2, 4-5, 7-8) | J36: 149
A37: Итоги по смете:
A38: Земляные работы, выполняемые механизированным способом | J38: 2780 | O38: 2.3 | Q38: 16.06
A39: Перевозка грузов автотранспортом | J39: 1126
A40: Итого | J40: 3906 | O40: 2.3 | Q40: 16.06
A41: В том числе:
A42: Материалы | J42: 1
A43: Машины и механизмы | J43: 3449
A44: ФОТ | J44: 297
A45: Накладные расходы | J45: 282
A46: Сметная прибыль | J46: 149
A47: ВСЕГО по смете | J47: 3906 | O47: 2.3 | Q47: 16.06
A51: Составил ведущий инженер: ___________________________Ракевич О.Ю.
A52: (должность, подпись, расшифровка)
A54: Проверил начальник группы: ___________________________Труфанова Г.К.
A55: (должность, подпись, расшифровка)

Sheet 07-04
H1: ФГУП "Комбинат "Электрохимприбор"
H2: (наименование стройки)
H4: ЛОКАЛЬНЫЙ СМЕТНЫЙ РАСЧЕТ № 07-04
H5: (локальная смета)
C7: на | D7: покрытие проезда и площадки, Электроснабжение промплощадки №5
H8: (наименование работ и затрат, наименование объекта)
D10: Основание: П-055/10661-ПЗУ
D11: Сметная стоимость строительных работ _______________________________________________________________________________________________ | J11: ___________________________138,543 | L11: тыс. руб.
D12: Средства на оплату труда _______________________________________________________________________________________________ | J12: ___________________________2,031 | L12: тыс. руб.
D13: Сметная трудоемкость _______________________________________________________________________________________________ | J13: _______________________________________________________________________________________________79,12 | L13: чел.час
D14: Составлен(а) в текущих (прогнозных) ценах 2001г.
A17: № пп | B17: Обосно- вание | C17: Наименование | D17: Ед. изм. | E17: Кол. | F17: Стоимость единицы, руб. | J17: Общая стоимость, руб. | N17: Т/з осн. раб.на ед. | O17: Т/з осн. раб. Всего | P17: Т/з мех. на ед. | Q17: Т/з мех. Всего
F18: Всего | G18: В том числе | J18: Всего | K18: В том числе
G19: Осн.З/п | H19: Эк.Маш | I19: З/пМех | K19: Осн.З/п | L19: Эк.Маш | M19: З/пМех
A20: 1 | B20: 2 | C20: 3 | D20: 4 | E20: 5 | F20: 6 | G20: 7 | H20: 8 | I20: 9 | J20: 10 | K20: 11 | L20: 12 | M20: 13 | N20: 14 | O20: 15 | P20: 16 | Q20: 17
A21: Раздел 1. Покрытие проезда и площадки
A22: А/б покрытие
A23: 1 | B23: ТЕР27-04-001-02 | C23: Устройство подстилающих и выравнивающих слоев оснований из песчано-гравийной смеси, дресвы (h=0,54 м) | D23: 100 м3 | E23: 2,095 388*0,54/100 | F23: 2693.01 | G23: 177.48 | H23: 2481.37 | I23: 248.22 | J23: 5642 | K23: 372 | L23: 5198 | M23: 520 | N23: 15.72 | O23: 32.93 | P23: 14.81 | Q23: 31.03
A24: 2 | B24: ТСЦ-408-0200 | C24: Смесь песчано-гравийная природная | D24: м3 | E24: 255,6 388*0,54*1,22 | F24: 138.7 | J24: 35452
A25: 3 | B25: ТЕР27-04-003-05 | C25: Устройство оснований и покрытий из песчано-гравийных или щебеночно-песчаных смесей непрерывной гранулометрии С-4 и С-6, однослойных толщиной 15 см (h=0,35 м с добавлением щебня) | D25: 1000 м2 | E25: 0,388 388/1000 | F25: 8562.02 | G25: 356.82 | H25: 8083.2 | I25: 366.77 | J25: 3322 | K25: 138 | L25: 3136 | M25: 142 | N25: 29.71 | O25: 11.53 | P25: 20.97 | Q25: 8.14
A26: 4 | B26: ТЕР27-04-003-08 | C26: На каждый 1 см изменения толщины слоя добавлять или исключать к расценкам с 27-04-003-05 по 27-04-003-07 | D26: 1000 м2 | E26: 0,388 388/1000 | F26: 4389.4 | H26: 4389.4 | I26: 162.2 | J26: 1703 | L26: 1703 | M26: 63 | P26: 9.2 | Q26: 3.57
A27: 5 | B27: ТСЦ-408-0200 | C27: Смесь песчано-гравийная природная (80%) | D27: м3 | E27: 132,5 388*0,35*1,22*0,8 | F27: 138.7 | J27: 18378
A28: 6 | B28: ТСЦ-408-0006 | C28: Щебень из природного камня для строительных работ марка 1200, фракция 10-20 мм (20%) | D28: м3 | E28: 33,1 388*0,35*1,22*0,2 | F28: 146.57 | J28: 4851
A29: 7 | B29: ТЕР27-06-026-01 | C29: Розлив вяжущих материалов | D29: 1 т | E29: 1,164 388*0,003 | F29: 2017.46 | H29: 46.53 | I29: 11.16 | J29: 2348 | L29: 54 | M29: 13 | P29: 0.66 | Q29: 0.77
A30: 8 | B30: ТЕР27-06-020-03 | C30: Устройство покрытия толщиной 4 см из горячих асфальтобетонных смесей плотных крупнозернинистых типа АБ, плотность каменных материалов 2,5-2,9 т/м3 (толщиной 6 см) | D30: 1000 м2 покрытия | E30: 0,388 388/1000 | F30: 51885.73 | G30: 518.97 | H30: 2984 | I30: 322.26 | J30: 20132 | K30: 201 | L30: 1158 | M30: 125 | N30: 38.3 | O30: 14.86 | P30: 19.08 | Q30: 7.4
A31: 9 | B31: ТЕР27-06-021-03 | C31: На каждые 0,5 см изменения толщины покрытия добавлять или исключать к расценке 27-06-020-03 | D31: 1000 м2 покрытия | E31: 0,388 388/1000 | F31: 24143.44 | G31: 4.88 | H31: 12.52 | J31: 9368 | K31: 2 | L31: 5 | N31: 0.36 | O31: 0.14
A32: 10 | B32: ТЕР27-06-020-01 | C32: Устройство покрытия толщиной 4 см из горячих асфальтобетонных смесей плотных мелкозернистых типа АБВ, плотность каменных материалов 2,5-2,9 т/м3 (толщиной 5 см) | D32: 1000 м2 покрытия | E32: 0,388 388/1000 | F32: 55602.96 | G32: 518.97 | H32: 2984 | I32: 322.26 | J32: 21574 | K32: 201 | L32: 1158 | M32: 125 | N32: 38.3 | O32: 14.86 | P32: 19.08 | Q32: 7.4
A33: 11 | B33: ТЕР27-06-021-01 | C33: На каждые 0,5 см изменения толщины покрытия добавлять или исключать к расценке 27-06-020-01 | D33: 1000 м2 покрытия | E33: 0,388 388/1000 | F33: 13003.12 | G33: 2.44 | H33: 6.64 | J33: 5045 | K33: 1 | L33: 3 | N33: 0.18 | O33: 0.07
A34: Укрепление обочин
A35: 12 | B35: ТЕР27-04-001-02 | C35: Укрепление обочин песчано-гравийной смесью (h=0,18 м) | D35: 100 м3 | E35: 0,301 167,4*0,18/100 | F35: 2693.01 | G35: 177.48 | H35: 2481.37 | I35: 248.22 | J35: 811 | K35: 53 | L35: 747 | M35: 75 | N35: 15.72 | O35: 4.73 | P35: 14.81 | Q35: 4.46
A36: 13 | B36: ТСЦ-408-0200 | C36: Смесь песчано-гравийная природная | D36: м3 | E36: 36,8 167,4*0,18*1,22 | F36: 138.7 | J36: 5104
A37: Итого прямые затраты по смете в ценах 2001г. | J37: 133730 | K37: 968 | L37: 13162 | M37: 1063 | O37: 79.12 | Q37: 62.77
A38: Накладные расходы | J38: 2884
A39: В том числе, справочно:
A40: 142% ФОТ (от 2031) (Поз. 1, 3-4, 7-12) | J40: 2884
A41: Сметная прибыль | J41: 1929
A42: В том числе, справочно:
A43: 95% ФОТ (от 2031) (Поз. 1, 3-4, 7-12) | J43: 1929
A44: Итоги по смете:
A45: Автомобильные дороги | J45: 74758 | O45: 79.12 | Q45: 62.77
A46: Материалы | J46: 63785
A47: Итого | J47: 138543 | O47: 79.12 | Q47: 62.77
A48: В том числе:
A49: Материалы | J49: 119600
A50: Машины и механизмы | J50: 13162
A51: ФОТ | J51: 2031
A52: Накладные расходы | J52: 2884
A53: Сметная прибыль | J53: 1929
A54: ВСЕГО по смете | J54: 138543 | O54: 79.12 | Q54: 62.77
A58: Составил ведущий инженер: ___________________________Ракевич О.Ю.
A59: (должность, подпись, расшифровка)
A61: Проверил начальник группы: ___________________________Труфанова Г.К.
A62: (должность, подпись, расшифровка)

Sheet 07-05
H1: ФГУП "Комбинат "Электрохимприбор"
H2: (наименование стройки)
H4: ЛОКАЛЬНЫЙ СМЕТНЫЙ РАСЧЕТ № 07-05
H5: (локальная смета)
C7: на | D7: покрытие тротуара, Электроснабжение промплощадки №5
H8: (наименование работ и затрат, наименование объекта)
D10: Основание: П-055/10661-ПЗУ
D11: Сметная стоимость строительных работ _______________________________________________________________________________________________ | J11: ___________________________4,476 | L11: тыс. руб.
D12: Средства на оплату труда _______________________________________________________________________________________________ | J12: ___________________________0,387 | L12: тыс. руб.
D13: Сметная трудоемкость _______________________________________________________________________________________________ | J13: _______________________________________________________________________________________________31,4 | L13: чел.час
D14: Составлен(а) в текущих (прогнозных) ценах 2001г.
A17: № пп | B17: Обосно- вание | C17: Наименование | D17: Ед. изм. | E17: Кол. | F17: Стоимость единицы, руб. | J17: Общая стоимость, руб. | N17: Т/з осн. раб.на ед. | O17: Т/з осн. раб. Всего | P17: Т/з мех. на ед. | Q17: Т/з мех. Всего
F18: Всего | G18: В том числе | J18: Всего | K18: В том числе
G19: Осн.З/п | H19: Эк.Маш | I19: З/пМех | K19: Осн.З/п | L19: Эк.Маш | M19: З/пМех
A20: 1 | B20: 2 | C20: 3 | D20: 4 | E20: 5 | F20: 6 | G20: 7 | H20: 8 | I20: 9 | J20: 10 | K20: 11 | L20: 12 | M20: 13 | N20: 14 | O20: 15 | P20: 16 | Q20: 17
A21: Раздел 1. Покрытие тротуара
A22: 1 | B22: ТЕР27-04-003-05 | C22: Устройство оснований и покрытий из песчано-гравийных или щебеночно-песчаных смесей непрерывной гранулометрии С-4 и С-6, однослойных толщиной 15 см (h=0,20 м с добавлением щебня) | D22: 1000 м2 основания или покрытия | E22: 0,018 18/1000 | F22: 8562.02 | G22: 356.82 | H22: 8083.2 | I22: 366.77 | J22: 154 | K22: 6 | L22: 145 | M22: 7 | N22: 29.71 | O22: 0.53 | P22: 20.97 | Q22: 0.38
A23: 2 | B23: ТЕР27-04-003-08 | C23: На каждый 1 см изменения толщины слоя добавлять или исключать к расценкам с 27-04-003-05 по 27-04-003-07 | D23: 1000 м2 основания или покрытия | E23: 0,018 18/1000 | F23: 1097.35 | H23: 1097.35 | I23: 40.55 | J23: 20 | L23: 20 | M23: 1 | P23: 2.3 | Q23: 0.04
A24: 3 | B24: ТСЦ-408-0200 | C24: Смесь песчано-гравийная природная (80%) | D24: м3 | E24: 3,5 18*0,20*1,22*0,8 | F24: 138.7 | J24: 485
A25: 4 | B25: ТСЦ-408-0006 | C25: Щебень из природного камня для строительных работ марка 1200, фракция 10-20 мм (20%) | D25: м3 | E25: 0,9 18*0,20*1,22*0,2 | F25: 146.57 | J25: 132
A26: 5 | B26: ТЕР27-07-001-01 | C26: Устройство асфальтобетонных покрытий дорожек и тротуаров однослойных из литой мелкозернистой асфальто-бетонной смеси толщиной 3 см (толщиной 5 см) | D26: 100 м2 покрытия | E26: 0,018 18/1000 | F26: 3558.48 | G26: 197.92 | H26: 47.98 | I26: 0.83 | J26: 64 | K26: 4 | L26: 1 | N26: 15.12 | O26: 0.27 | P26: 0.05
A27: 6 | B27: ТЕР27-07-001-02 | C27: На каждые 0,5 см изменения толщины покрытия добавлять к расценке 27-07-001-01 | D27: 100 м2 покрытия | E27: 0,018 18/1000 | F27: 2270.16 | G27: 121.48 | H27: 26.96 | J27: 41 | K27: 2 | N27: 9.28 | O27: 0.17
A28: 7 | B28: ТЕР27-02-010-02 | C28: Установка бортовых камней бетонных при других видах покрытий | D28: 100 м бортового камня | E28: 0,4 40/100 | F28: 4479.96 | G28: 906.11 | H28: 91.05 | I28: 12.38 | J28: 1792 | K28: 362 | L28: 36 | M28: 5 | N28: 76.08 | O28: 30.43 | P28: 0.68 | Q28: 0.27
A29: 8 | B29: ТСЦ-403-8023 | C29: Камни бортовые БР 100.20.8 / бетон В22,5 (М300), объем 0,016 м3/ (ГОСТ 6665-91) | D29: шт. | E29: 40 40/1 | F29: 21.76 | J29: 870
A30: Итого прямые затраты по смете в ценах 2001г. | J30: 3558 | K30: 374 | L30: 202 | M30: 13 | O30: 31.4 | Q30: 0.69
A31: Накладные расходы | J31: 550
A32: В том числе, справочно:
A33: 142% ФОТ (от 387) (Поз. 1-2, 5-7) | J33: 550
A34: Сметная прибыль | J34: 368
A35: В том числе, справочно:
A36: 95% ФОТ (от 387) (Поз. 1-2, 5-7) | J36: 368
A37: Итоги по смете:
A38: Автомобильные дороги | J38: 2989 | O38: 31.4 | Q38: 0.69
A39: Материалы | J39: 1487
A40: Итого | J40: 4476 | O40: 31.4 | Q40: 0.69
A41: В том числе:
A42: Материалы | J42: 2982
A43: Машины и механизмы | J43: 202
A44: ФОТ | J44: 387
A45: Накладные расходы | J45: 550
A46: Сметная прибыль | J46: 368
A47: ВСЕГО по смете | J47: 4476 | O47: 31.4 | Q47: 0.69
A51: Составил ведущий инженер: ___________________________Ракевич О.Ю.
A52: (должность, подпись, расшифровка)
A54: Проверил начальник группы: ___________________________Труфанова Г.К.
A55: (должность, подпись, расшифровка)

Sheet 07-06
H1: ФГУП "Комбинат "Электрохимприбор"
H2: (наименование стройки)
H4: ЛОКАЛЬНЫЙ СМЕТНЫЙ РАСЧЕТ № 07-06
H5: (локальная смета)
C7: на | D7: озеленение, Электроснабжение промплощадки №5
H8: (наименование работ и затрат, наименование объекта)
D10: Основание: П-055/10661-ПЗУ
D11: Сметная стоимость строительных работ _______________________________________________________________________________________________ | J11: ___________________________0,584 | L11: тыс. руб.
D12: Средства на оплату труда _______________________________________________________________________________________________ | J12: ___________________________0,143 | L12: тыс. руб.
D13: Сметная трудоемкость _______________________________________________________________________________________________ | J13: _______________________________________________________________________________________________11,37 | L13: чел.час
D14: Составлен(а) в текущих (прогнозных) ценах 2001г.
A17: № пп | B17: Обосно- вание | C17: Наименование | D17: Ед. изм. | E17: Кол. | F17: Стоимость единицы, руб. | J17: Общая стоимость, руб. | N17: Т/з осн. раб.на ед. | O17: Т/з осн. раб. Всего | P17: Т/з мех. на ед. | Q17: Т/з мех. Всего
F18: Всего | G18: В том числе | J18: Всего | K18: В том числе
G19: Осн.З/п | H19: Эк.Маш | I19: З/пМех | K19: Осн.З/п | L19: Эк.Маш | M19: З/пМех
A20: 1 | B20: 2 | C20: 3 | D20: 4 | E20: 5 | F20: 6 | G20: 7 | H20: 8 | I20: 9 | J20: 10 | K20: 11 | L20: 12 | M20: 13 | N20: 14 | O20: 15 | P20: 16 | Q20: 17
A21: Раздел 1. Озеленение
A22: 1 | B22: ТЕР47-01-001-03 | C22: Разбивка участка | D22: 100 м2 | E22: 0,13 13/100 | F22: 101.33 | G22: 95.1 | J22: 13 | K22: 12 | N22: 7.62 | O22: 0.99
A23: 2 | B23: ТЕР47-01-046-03 | C23: Подготовка почвы для устройства партерного и обыкновенного газона с внесением растительной земли слоем 15 см механизированным способом 400,55 = 2 989,70 - 15 x 172,61 | D23: 100 м2 | E23: 0,13 13/100 | F23: 400.55 | G23: 392.55 | H23: 8 | I23: 0.95 | J23: 52 | K23: 51 | L23: 1 | N23: 35.08 | O23: 4.56 | P23: 0.07 | Q23: 0.01
A24: 3 | B24: ТЕР01-01-013-07 | C24: Разработка грунта с погрузкой на автомобили-самосвалы экскаваторами с ковшом вместимостью 0,65 (0,5-1) м3, группа грунтов 1 (погрузка растительного грунта) | D24: 1000 м3 грунта | E24: 0,002 1,95/1000 | F24: 4089.05 | G24: 101.99 | H24: 3983.23 | I24: 455.32 | J24: 8 | L24: 8 | M24: 1 | N24: 9.28 | O24: 0.02 | P24: 26.91 | Q24: 0.05
A25: 4 | B25: СЦП3-3-1-1 | C25: Перевозка грузов автомобилями-самосвалами (работающими вне карьеров): расстояние 1 км, класс груза I | D25: т | E25: 2,3 1,95*1,2 | F25: 3.16 | H25: 3.16 | J25: 7 | L25: 7
A26: 5 | B26: ТЕР47-01-046-06 | C26: Посев газонов партерных, мавританских и обыкновенных вручную | D26: 100 м2 | E26: 0,13 13/100 | F26: 719.43 | G26: 71.34 | H26: 408.89 | I26: 49.87 | J26: 94 | K26: 9 | L26: 53 | M26: 6 | N26: 5.99 | O26: 0.78 | P26: 2.74 | Q26: 0.36
A27: 6 | B27: ТЕР47-01-070-03 | C27: Уход за газонами обыкновенными | D27: 100 м2 цветников и газонов | E27: 0,13 13/100 | F27: 902.21 | G27: 444.52 | H27: 408.89 | I27: 49.87 | J27: 117 | K27: 58 | L27: 53 | M27: 6 | N27: 38.62 | O27: 5.02 | P27: 2.74 | Q27: 0.36
A28: Итого прямые затраты по смете в ценах 2001г. | J28: 291 | K28: 130 | L28: 122 | M28: 13 | O28: 11.37 | Q28: 0.78
A29: Накладные расходы | J29: 164
A30: В том числе, справочно:
A31: 95% ФОТ (от 1) (Поз. 3) | J31: 1
A32: 115% ФОТ (от 142) (Поз. 1-2, 5-6) | J32: 163
A33: Сметная прибыль | J33: 129
A34: В том числе, справочно:
A35: 50% ФОТ (от 1) (Поз. 3) | J35: 1
A36: 90% ФОТ (от 142) (Поз. 1-2, 5-6) | J36: 128
A37: Итоги по смете:
A38: Озеленение. Защитные лесонасаждения | J38: 567 | O38: 11.35 | Q38: 0.73
A39: Земляные работы, выполняемые механизированным способом | J39: 10 | O39: 0.02 | Q39: 0.05
A40: Перевозка грузов автотранспортом | J40: 7
A41: Итого | J41: 584 | O41: 11.37 | Q41: 0.78
A42: В том числе:
A43: Материалы | J43: 39
A44: Машины и механизмы | J44: 122
A45: ФОТ | J45: 143
A46: Накладные расходы | J46: 164
A47: Сметная прибыль | J47: 129
A48: ВСЕГО по смете | J48: 584 | O48: 11.37 | Q48: 0.78
A52: Составил ведущий инженер: ___________________________Ракевич О.Ю.
A53: (должность, подпись, расшифровка)
A55: Проверил начальник группы: ___________________________Труфанова Г.К.
A56: (должность, подпись, расшифровка)

Sheet 07-07
H1: ФГУП "Комбинат "Электрохимприбор"
H2: (наименование стройки)
H4: ЛОКАЛЬНЫЙ СМЕТНЫЙ РАСЧЕТ № 07-07
H5: (локальная смета)
C7: на восстановление профилей водоотводных канав. Кабельные линии электропередач 0,4/6 кВ и сеть наружного освещения 0,4кВ, Электроснабжение промплощадки №5
H8: (наименование работ и затрат, наименование объекта)
D10: Основание: П-055/10661-ПЗУ
D11: Сметная стоимость строительных работ _______________________________________________________________________________________________ | J11: ___________________________2,947 | L11: тыс. руб.
D12: Средства на оплату труда _______________________________________________________________________________________________ | J12: ___________________________1,011 | L12: тыс. руб.
D13: Сметная трудоемкость _______________________________________________________________________________________________ | J13: _______________________________________________________________________________________________89,74 | L13: чел.час
D14: Составлен(а) в текущих (прогнозных) ценах 2001г.
A17: № пп | B17: Обосно- вание | C17: Наименование | D17: Ед. изм. | E17: Кол. | F17: Стоимость единицы, руб. | J17: Общая стоимость, руб. | N17: Т/з осн. раб.на ед. | O17: Т/з осн. раб. Всего | P17: Т/з мех. на ед. | Q17: Т/з мех. Всего
F18: Всего | G18: В том числе | J18: Всего | K18: В том числе
G19: Осн.З/п | H19: Эк.Маш | I19: З/пМех | K19: Осн.З/п | L19: Эк.Маш | M19: З/пМех
A20: 1 | B20: 2 | C20: 3 | D20: 4 | E20: 5 | F20: 6 | G20: 7 | H20: 8 | I20: 9 | J20: 10 | K20: 11 | L20: 12 | M20: 13 | N20: 14 | O20: 15 | P20: 16 | Q20: 17
A21: Раздел 1. Восстановление профилей водоотводных канав
A22: 1 | B22: ТЕР01-02-061-01 примен. | C22: Восстановление продольного и поперечного профилей существующих водоотводных канав | D22: 100 м3 грунта | E22: 0,37 37/100 | F22: 935.45 | G22: 935.45 | J22: 346 | K22: 346 | N22: 88.5 | O22: 32.75
A23: 2 | B23: ТЕР01-01-013-07 | C23: Разработка грунта с погрузкой на автомобили-самосвалы экскаваторами с ковшом вместимостью 0,65 (0,5-1) м3, группа грунтов 1 (погрузка грунта для восстановления профилей) | D23: 1000 м3 грунта | E23: 0,037 37/1000 | F23: 4089.05 | G23: 101.99 | H23: 3983.23 | I23: 455.32 | J23: 151 | K23: 4 | L23: 147 | M23: 17 | N23: 9.28 | O23: 0.34 | P23: 26.91 | Q23: 1
A24: 3 | B24: СЦП3-3-1-1 | C24: Перевозка грузов автомобилями-самосвалами (работающими вне карьеров): расстояние 1 км, класс груза I (подвозка из резерва) | D24: т | E24: 59,2 37*1,6 | F24: 3.16 | H24: 3.16 | J24: 187 | L24: 187
A25: 4 | B25: ТЕР01-02-040-01 | C25: Укрепление откосов земляных сооружений посевом многолетних трав с подсыпкой растительной земли вручную 373,70 = 2 484,83 - 13,6 x 155,23 | D25: 100 м2 | E25: 1,7 170/100 | F25: 373.7 | G25: 371.51 | H25: 2.19 | J25: 635 | K25: 632 | L25: 3 | N25: 33.2 | O25: 56.44
A26: 5 | B26: ТСЦ-414-0310 | C26: Люпин (семена трав) | D26: кг | E26: 2,04 170/100*1,2 | F26: 85.76 | J26: 175
A27: 6 | B27: ТЕР01-01-013-07 | C27: Разработка грунта с погрузкой на автомобили-самосвалы экскаваторами с ковшом вместимостью 0,65 (0,5-1) м3, группа грунтов 1 (погрузка растительного грунта для укрепления водоотводных канав посевом трав) | D27: 1000 м3 грунта | E27: 0,023 23,12/1000 | F27: 4089.05 | G27: 101.99 | H27: 3983.23 | I27: 455.32 | J27: 94 | K27: 2 | L27: 92 | M27: 10 | N27: 9.28 | O27: 0.21 | P27: 26.91 | Q27: 0.62
A28: 7 | B28: СЦП3-3-1-1 | C28: Перевозка грузов автомобилями-самосвалами (работающими вне карьеров): расстояние 1 км, класс груза I (подвозка из резерва) | D28: т | E28: 27,7 23,12*1,2 | F28: 3.16 | H28: 3.16 | J28: 88 | L28: 88
A29: Итого прямые затраты по смете в ценах 2001г. | J29: 1676 | K29: 984 | L29: 517 | M29: 27 | O29: 89.74 | Q29: 1.62
A30: Накладные расходы | J30: 814
A31: В том числе, справочно:
A32: 80% ФОТ (от 978) (Поз. 1, 4) | J32: 783
A33: 95% ФОТ (от 33) (Поз. 2, 6) | J33: 31
A34: Сметная прибыль | J34: 457
A35: В том числе, справочно:
A36: 45% ФОТ (от 978) (Поз. 1, 4) | J36: 440
A37: 50% ФОТ (от 33) (Поз. 2, 6) | J37: 17
A38: Итоги по смете:
A39: Земляные работы, выполняемые ручным способом | J39: 779 | O39: 32.75
A40: Земляные работы, выполняемые механизированным способом | J40: 293 | O40: 0.55 | Q40: 1.62
A41: Перевозка грузов автотранспортом | J41: 275
A42: Земляные работы, выполняемые по другим видам работ (подготовительным, сопутствующим, укрепительным) | J42: 1425 | O42: 56.44
A43: Материалы | J43: 175
A44: Итого | J44: 2947 | O44: 89.74 | Q44: 1.62
A45: В том числе:
A46: Материалы | J46: 175
A47: Машины и механизмы | J47: 517
A48: ФОТ | J48: 1011
A49: Накладные расходы | J49: 814
A50: Сметная прибыль | J50: 457
A51: ВСЕГО по смете | J51: 2947 | O51: 89.74 | Q51: 1.62
A55: Составил ведущий инженер: ___________________________Ракевич О.Ю.
A56: (должность, подпись, расшифровка)
A58: Проверил начальник группы: ___________________________Труфанова Г.К.
A59: (должность, подпись, расшифровка)

Sheet СМР
A1: Расчет начальной (максимальной) цены на
A2: выполнение строительно-монтажных работ по электроснабжению промплощадки №5
A4: Наименование глав ССР, объектный сметных расчетов, локальных сметных расчетов, видов прочих работ | B4: Сметная стоимость строительства в базисном уровне цен на 01.01.2000г. по ССР | F4: Остаток сметной стоимости в базисном уровне цен на 01.01.2014 | J4: Сметная стоимость строительства в базисном уровне цен на 01.01.2000г., выставленная на конкурс | N4: Текущая стоимость на момент определения начальной (максимальной) цены | O4: № обосновывающего расчета | P4: 2014 год | S4: 2015 год
B5: Всего | C5: СМР | D5: Оборудование | E5: Прочие | F5: Всего | G5: СМР | H5: Оборудование | I5: Прочие | J5: Всего | K5: СМР | L5: Оборудование | M5: Прочие | P5: СМР | Q5: Оборудование | R5: Прочие | S5: СМР | T5: Оборудование | U5: Прочие
A6: 1 | B6: 2 | C6: 3 | D6: 4 | E6: 5 | F6: 6 | G6: 7 | H6: 8 | I6: 9 | J6: 10 | K6: 11 | L6: 12 | M6: 13 | N6: 14 | O6: 15 | P6: 16 | Q6: 17 | R6: 18 | S6: 19 | T6: 20 | U6: 21
A7: Снятие и восстановление растительного слоя | B7: =SUM(C7:E7) -> 3418 | C7: ='01-02'!J35 -> 3418 | D7: 0 | F7: =SUM(G7:I7) -> 3418 | G7: =C7 -> 3418 | H7: =D7 -> 0 | I7: =E7 -> 0 | J7: =SUM(K7:M7) -> 3418 | K7: =P7 -> 3418 | L7: =Q7 -> 0 | M7: =R7 -> 0 | O7: 01-02 (050см2 изм) | P7: =G7 -> 3418 | Q7: =H7 -> 0 | R7: =I7 -> 0
A8: Наружные сети электроснабжения | B8: =SUM(C8:E8) -> 4303242 | C8: ='02-01-01 изм.3'!K259+'02-01-01 изм.3'!K279 -> 2360635 | D8: ='02-01-01 изм.3'!K285 -> 1942607 | F8: =SUM(G8:I8) -> 4303242 | G8: =C8 -> 2360635 | H8: =D8 -> 1942607 | I8: =E8 -> 0 | J8: =SUM(K8:M8) -> 4303242 | K8: =S8 -> 2360635 | L8: =T8 -> 1942607 | M8: =R8 -> 0 | O8: 02-01-01 изм.3 (050см1 изм3) | R8: =I8 -> 0 | S8: 2360635 | T8: 1942607
A9: Устройство фундаментной плиты ФП1 | B9: =SUM(C9:E9) -> 24919 | C9: ='02-01-02'!J80 -> 24919 | D9: 0 | F9: =SUM(G9:I9) -> 24919 | G9: =C9 -> 24919 | H9: =D9 -> 0 | I9: =E9 -> 0 | J9: =SUM(K9:M9) -> 24919 | K9: =P9 -> 24919 | L9: =T9 -> 0 | M9: =R9 -> 0 | O9: 02-01-02 (050см1 изм3) | P9: =G9 -> 24919 | Q9: =H9 -> 0 | R9: =I9 -> 0
A10: Планировка территории | B10: =SUM(C10:E10) -> 385 | C10: ='07-01'!J32 -> 385 | D10: 0 | F10: =SUM(G10:I10) -> 385 | G10: =C10 -> 385 | H10: =D10 -> 0 | I10: =E10 -> 0 | J10: =SUM(K10:M10) -> 385 | K10: =S10 -> 385 | L10: =T10 -> 0 | M10: =R10 -> 0 | O10: 07-01 (050см2 изм) | P10: 0 | Q10: =H10 -> 0 | R10: =I10 -> 0 | S10: 385
A11: Покрытие | B11: =SUM(C11:E11) -> 27169 | C11: ='07-02'!J48 -> 27169 | D11: 0 | F11: =SUM(G11:I11) -> 27169 | G11: =C11 -> 27169 | H11: =D11 -> 0 | I11: =E11 -> 0 | J11: =SUM(K11:M11) -> 27169 | K11: =S11 -> 27169 | L11: =T11 -> 0 | M11: =R11 -> 0 | O11: 07-02 (050см2 изм) | P11: 0 | Q11: =H11 -> 0 | R11: =I11 -> 0 | S11: 27169
A12: Вертикальная планировка | B12: =SUM(C12:E12) -> 3906 | C12: ='07-03'!J40 -> 3906 | D12: 0 | F12: =SUM(G12:I12) -> 3906 | G12: =C12 -> 3906 | H12: =D12 -> 0 | I12: =E12 -> 0 | J12: =SUM(K12:M12) -> 3906 | K12: =S12 -> 3906 | L12: =T12 -> 0 | M12: =R12 -> 0 | O12: 07-03 (050см2 изм) | P12: 0 | Q12: =H12 -> 0 | R12: =I12 -> 0 | S12: 3906
A13: Покрытие проезда и площадки | B13: =SUM(C13:E13) -> 138543 | C13: ='07-04'!J47 -> 138543 | D13: 0 | F13: =SUM(G13:I13) -> 138543 | G13: =C13 -> 138543 | H13: =D13 -> 0 | I13: =E13 -> 0 | J13: =SUM(K13:M13) -> 138534 | K13: =S13 -> 138534 | L13: =T13 -> 0 | M13: =R13 -> 0 | O13: 07-04 (050см2 изм) | P13: 0 | Q13: =H13 -> 0 | R13: =I13 -> 0 | S13: 138534
A14: Покрытие тротуара | B14: =SUM(C14:E14) -> 4476 | C14: ='07-05'!J40 -> 4476 | D14: 0 | F14: =SUM(G14:I14) -> 4476 | G14: =C14 -> 4476 | H14: =D14 -> 0 | I14: =E14 -> 0 | J14: =SUM(K14:M14) -> 4476 | K14: =S14 -> 4476 | L14: =T14 -> 0 | M14: =R14 -> 0 | O14: 07-05 (050см2 изм) | P14: 0 | Q14: =H14 -> 0 | R14: =I14 -> 0 | S14: 4476
A15: Озеленение | B15: =SUM(C15:E15) -> 584 | C15: ='07-06'!J41 -> 584 | D15: 0 | F15: =SUM(G15:I15) -> 584 | G15: =C15 -> 584 | H15: =D15 -> 0 | I15: =E15 -> 0 | J15: =SUM(K15:M15) -> 584 | K15: =S15 -> 584 | L15: =T15 -> 0 | M15: =R15 -> 0 | O15: 07-06 (050см2 изм) | P15: 0 | Q15: =H15 -> 0 | R15: =I15 -> 0 | S15: 584
A16: Восстановление профилей водоотводных канав. Кабельные линии электропередач 0,4/6 кВ и сеть наружного освещения 0,4кВ | B16: =SUM(C16:E16) -> 2947 | C16: ='07-07'!J44 -> 2947 | D16: 0 | F16: =SUM(G16:I16) -> 2947 | G16: =C16 -> 2947 | H16: =D16 -> 0 | I16: =E16 -> 0 | J16: =SUM(K16:M16) -> 2947 | K16: =S16 -> 2947 | L16: =T16 -> 0 | M16: =R16 -> 0 | O16: 07-07 (050см2 изм) | P16: 0 | Q16: =H16 -> 0 | R16: =I16 -> 0 | S16: 2947
A17: Итого в ценах 2000 года: | B17: =SUM(B7:B16) -> 4509589 | C17: =SUM(C7:C16) -> 2566982 | D17: =SUM(D7:D16) -> 1942607 | E17: =SUM(E7:E16) -> 0 | F17: =SUM(F7:F16) -> 4509589 | G17: =SUM(G7:G16) -> 2566982 | H17: =SUM(H7:H16) -> 1942607 | I17: =SUM(I7:I16) -> 0 | ... M17: =SUM(M7:M16) -> 0 | N17: =SUM(P17:U17) -> 4509580 | P17: =SUM(P7:P16) -> 28337 | Q17: =SUM(Q7:Q16) -> 0 | R17: =SUM(R7:R16) -> 0 | S17: =SUM(S7:S16) -> 2538636 | T17: =SUM(T7:T16) -> 1942607
A18: Итого в текущих ценах*: | N18: =SUM(P18:U18) -> 22012957 | P18: =ROUND(P17*5.73,0) -> 162371 | Q18: =ROUND(Q17*3.76,0) -> 0 | R18: =ROUND(R17*10.48,0) -> 0 | S18: =ROUND(S17*5.73,0) -> 14546384 | T18: =ROUND(T17*3.76,0) -> 7304202
A19: Итого с индексом инфляции**: | N19: =SUM(S19:U19)+P18 -> 23127337 | S19: =ROUND(S18*1.051,0) -> 15288250 | T19: =ROUND(T18*1.051,0) -> 7676716
A20: НДС 18% | N20: =SUM(P20:U20) -> 4162920.7 | P20: =ROUND(P18*18%,2) -> 29226.78 | Q20: =ROUND(Q18*18%,2) -> 0 | R20: =ROUND(R18*18%,2) -> 0 | S20: =ROUND(S19*18%,2) -> 2751885 | T20: =ROUND(T19*18%,2) -> 1381808.9
A21: Всего: | N21: =SUM(P21:U21) -> 27290258 | P21: =SUM(P18:P20) -> 191597.78 | Q21: =SUM(Q18:Q20) -> 0 | R21: =SUM(R20:R20) -> 0 | S21: =SUM(S19:S20) -> 18040135 | T21: =SUM(T19:T20) -> 9058524.9
P22: 60000000
A23: * В расчете использованы индексы: | Q23: =P22-P21 -> 59808402
A24: - 5,73 индекс изменения сметной стоимости СМР к ТЕР 2001 (письмо Минстроя России от 04.08.2014г. № 15285-ЕС/08 приложение 1, прочие объекты)
A25: - 3,76 индекс изменения сметной стоимости оборудования к ТЕР 2001 (письмо Минстроя России от 04.08.2014г. № 15285-ЕС/08 приложение 5, экономика в целом)
A26: ** В расчете использован индекс-дефлятор по инвестициям в основной капитал 2015/2014 - 1,051 по письмам: Минэкономразвития России от 25.09.2013 № 20402-АК/ДОЗи, Госкорпорации "Росатом" от 10.02.2014 № 1-12.8/4385
A28: Начальник отдела капитального строительства
A29: ФГУП "Комбинат "Электрохимприбор" | H29: В.В. Моляков
A31: Инженер по проектно-сметной работе | H31: Н.А. Басова
A33: Согласовано | H33: отд. 028

Sheet НМЦ договора
A8: Определение начальной (максимальной) цены договора генерального подряда
A9: на выполнение строительно-монтажных работ по электроснабжению промплощадки №5
A10: на 2014 год
F13: ц.2000г./текущие цены, руб.
A14: Наименование услуг и работ (затрат) | C14: Сметная стоимость строительства в базисном уровне цен на 01.01.2000 г. | D14: Сметная стоимость строительства в текущем уровне цен, пресчитанная на момент проведения процедуры закупки | F14: Начальная (максимальная) цена | G14: в том числе по годам строительства
G17: 2014 г. | H17: 2015г.
A21: 1 | C21: 2 | D21: 3 | F21: 4 | G21: 5 | H21: 6
A22: СМР | C22: =СМР!K17 -> 2566973 | D22: =СМР!S19+СМР!P18 -> 15450621 | F22: =SUM(G22:I22) -> 15450621 | G22: =СМР!P18 -> 162371 | H22: =СМР!S19 -> 15288250
A23: Оборудование | C23: =СМР!L17 -> 1942607 | D23: =СМР!T19 -> 7676716 | F23: =SUM(G23:I23) -> 7676716 | G23: =СМР!Q18 -> 0 | H23: =СМР!T19 -> 7676716
A24: Прочие затраты | C24: =СМР!M17 -> 0 | D24: =F24 -> 0 | F24: =SUM(G24:I24) -> 0 | G24: =СМР!R18 -> 0 | H24: 0
A25: Всего: | C25: =SUM(C22:C24) -> 4509580 | D25: =СМР!N19 -> 23127337 | F25: =SUM(F22:F24) -> 23127337 | G25: =SUM(G22:G24) -> 162371 | H25: =SUM(H22:I24) -> 22964966
A26: НДС | D26: =СМР!N20 -> 4162920.7 | F26: =ROUND(F25*18%,2) -> 4162920.7 | G26: =ROUND(G25*18%,2) -> 29226.78 | H26: =ROUND(H25*18%,2) -> 4133693.9
A27: Итого с НДС | D27: =СМР!N21 -> 27290258 | F27: =SUM(F25:F26) -> 27290258 | G27: =СМР!P21+СМР!Q21 -> 191597.78 | H27: =SUM(H25:I26) -> 27098660
A29: В расчете использованы индексы:
A31: - 5,73 индекс изменения сметной стоимости СМР к ТЕР 2001 (письмо Минстроя России от 04.08.2014г. № 15285-ЕС/08 приложение 1, прочие объекты)
A32: 3,76 индекс изменения сметной стоимости оборудования к ТЕР 2001 (письмо Минстроя России от 04.08.2014г. № 15285-ЕС/08 приложение 5, экономика в целом)
A33: ** В расчете использован индекс-дефлятор по инвестициям в основной капитал 2015/2014 - 1,051 по письмам: Минэкономразвития России от 25.09.2013 № 20402-АК/ДОЗи, Госкорпорации "Росатом" от 10.02.2014 № 1-12.8/4385
A35: Начальник отдела капитального строительства
A36: ФГУП "Комбинат "Электрохимприбор" | G36: В.В. Моляков
A38: Инженер по проектно-сметной работе | G38: Н.А. Басова
A40: Согласовано | G40: отд. 028
